 Dungeon Crawl Stone Soup version 0.28-a0-465-ge2dae52223 (webtiles) character file.

Game seed: 12644170572186144824

2312591 totalnoob the Illuminatus (level 27, 228/228 HPs)
             Began as a Gnoll Conjurer on Sept 13, 2021.
             Was a High Priest of Ashenzari.
             Escaped with the Orb
             ... and 4 runes on Sept 14, 2021!
             The game lasted 03:06:48 (69936 turns).

totalnoob the Illuminatus (Gnoll Conjurer)         Turns: 69936, Time: 03:06:49

Health: 228/228    AC: 29    Str: 21    XL:     27
Magic:  48/48      EV: 18    Int: 10    God:    Ashenzari [*****.]
Gold:   2832       SH: 36    Dex: 11    Spells: 10/68 levels left

rFire   + + .      SeeInvis +   f - +10 double sword of Chance {freeze, rF++ rN+}
rCold   + . .      Faith    .   K - +10 tower shield of Ignorance {rN+ Int-4, Cun, Self} (curse)
rNeg    + + .      Spirit   .   T - +5 swamp dragon scales "Shackled Hedonism" {+Blink rPois rCorr Str-3, Melee, Range} (curse)
rPois   +          Reflect  +   j - +0 helmet of Ashenzari's Soothsayer {Fort, Elem} (curse)
rElec   +          Harm     .   P - scarf of Star-Bound Wisdom {repulsion, Range, Fort} (curse)
rCorr   +          Rampage  +   L - +2 pair of gloves of Ashenzari's Mistrust {Melee, Alch} (curse)
Will    +++..      Clarity  +   (boots unavailable)
Stlth   +++.......              c - amulet of Ashenzari's Blue Moon {Reflect Rampage rC+ Will- Dex+4 SH+5, Bglg, Self} (curse)
HPRegen 0.48/turn               Z - ring "Ethics of the Sky" {Will++ AC+4 Str+6 Dex-5, Evo, Fort} (curse)
MPRegen 0.31/turn               q - ring "At What Cost Knowledge?" {*Corrode rElec Str+4 Slay+4, Bglg, Comp} (curse)

@: repel missiles
A: fangs 1, strong nose, distributed training, hooves 3, clumsy 2, dopey 2, no
potion heal 1, subdued magic 1
0: Orb of Zot
}: 4/15 runes: barnacled, slimy, silver, gossamer
a: Renounce Religion, Evoke Blink, Shatter the Chains


You escaped.
You worshipped Ashenzari.
Ashenzari was extremely pleased with you.
You visited 10 branches of the dungeon, and saw 54 of its levels.
You visited the Abyss 1 time.
You visited 1 bazaar.
You also visited: Gauntlet, Ice Cave and Desolation.

You collected 6410 gold pieces.
You spent 3578 gold pieces at shops.

Inventory:

Hand Weapons
 f - the +10 double sword of Chance (weapon) {freeze, rF++ rN+}
   (You took it off a merfolk on level 4 of the Shoals)

   It freezes those it strikes, dealing additional cold damage.
   It can also slow down cold-blooded creatures.
   rF:        It greatly protects you from fire.
   rN:        It protects you from negative energy.
 p - the +8 hand crossbow of Doom {penet, Int+2}
   (You bought it in a shop on level 2 of the Orcish Mines)

   Any ammunition fired by it passes through the targets it hits, potentially
   hitting all targets in its path until it reaches maximum range.
   Int:       It affects your intelligence (+2).
Missiles
 a - 12 throwing nets {!d}
 n - 1328 bolts
 r - 23 silver javelins (quivered)
 X - 11 poisoned darts
Armour
 b - a +6 tower shield of reflection
   (You took it off a vault guard on level 4 of the Vaults)
 j - the cursed +0 helmet of Ashenzari's Soothsayer (worn) {Fort, Elem}
   (You found it on level 4 of the Dungeon)

   It has a curse which improves the following skills: Fortitude: Armour and
   Shields.
   Elements:  Fire Magic, Ice Magic, Air Magic and Earth Magic.
 k - the +4 chain mail of the Sun {rC+ Int+4 Stlth+}
   (You bought it in a shop on level 2 of the Orcish Mines)

   Int:       It affects your intelligence (+4).
   rC:        It protects you from cold.
   Stlth:     It makes you more stealthy.
 t - the +4 chain mail of Impermeability {rElec Dex+4}
   (You found it in the Desolation of Salt)

   Dex:       It affects your dexterity (+4).
   rElec:     It insulates you from electricity.
 G - a +2 cloak of preservation
   (You found it in the Desolation of Salt)
 K - the cursed +10 tower shield of Ignorance (worn) {rN+ Int-4, Cun, Self}
   (You bought it in a shop in a bazaar)

   Int:       It affects your intelligence (-4).
   rN:        It protects you from negative energy.
   It has a curse which improves the following skills: Cunning: Dodging and
   Stealth.
   Introspection: Fighting and Spellcasting.
 L - the cursed +2 pair of gloves of Ashenzari's Mistrust (worn) {Melee, Alch}
   (You found it on level 3 of the Lair of Beasts)

   It has a curse which improves the following skills: Melee Combat: Short
   Blades, Long Blades, Axes, Maces & Flails, Polearms, Staves and Unarmed
   Combat.
   Alchemy:   Poison Magic and Transmutations.
 P - the cursed scarf of Star-Bound Wisdom (worn) {repulsion, Range, Fort}
   (You found it in a Gauntlet)

   It has a curse which improves the following skills: Ranged Combat: Slings,
   Bows, Crossbows and Throwing.
   Fortitude: Armour and Shields.
 T - the cursed +5 swamp dragon scales "Shackled Hedonism" (worn) {+Blink rPois rCorr Str-3, Melee, Range}
   (You found it in the Desolation of Salt)

   Str:       It affects your strength (-3).
   rPois:     It protects you from poison.
   +Blink:    It lets you blink.
   rCorr:     It protects you from acid and corrosion.
   It has a curse which improves the following skills: Melee Combat: Short
   Blades, Long Blades, Axes, Maces & Flails, Polearms, Staves and Unarmed
   Combat.
   Ranged Combat: Slings, Bows, Crossbows and Throwing.
Jewellery
 c - the cursed amulet of Ashenzari's Blue Moon (around neck) {Reflect Rampage rC+ Will- Dex+4 SH+5, Bglg, Self}
   (You acquired it on level 4 of the Dungeon)

   [amulet of reflection]

   It reflects blocked missile attacks.
   Dex:       It affects your dexterity (+4).
   rC:        It protects you from cold.
   SH:        It affects your SH (+5).
   Rampage:   It bestows one free step when moving towards enemies.
   Will:      It decreases your willpower.
   It has a curse which improves the following skills: Beguiling: Conjurations,
   Hexes and Translocations.
   Introspection: Fighting and Spellcasting.
 q - the cursed ring "At What Cost Knowledge?" (right hand) {*Corrode rElec Str+4 Slay+4, Bglg, Comp}
   (You took it off an imperial myrmidon in the Desolation of Salt)

   [ring of slaying]

   Str:       It affects your strength (+4).
   Slay:      It affects your accuracy & damage with ranged weapons and melee
   (+4).
   rElec:     It insulates you from electricity.
   *Corrode:  It may corrode you when you take damage.
   It has a curse which improves the following skills: Beguiling: Conjurations,
   Hexes and Translocations.
   Companions: Summonings and Necromancy.
 s - the ring of Gozag's Whim {rN+ rCorr Slay+2}
   (You found it on level 5 of the Pits of Slime)

   [ring of resist corrosion]

   Slay:      It affects your accuracy & damage with ranged weapons and melee
   (+2).
   rN:        It protects you from negative energy.
   rCorr:     It protects you from acid and corrosion.
 w - the ring of Psychosis {rC+ rN+ Slay+3}
   (You took it off a ragged hierophant in the Desolation of Salt)

   [ring of protection from cold]

   Slay:      It affects your accuracy & damage with ranged weapons and melee
   (+3).
   rC:        It protects you from cold.
   rN:        It protects you from negative energy.
 F - the ring "Hosau" {rElec rF+ Str-2 Stlth+}
   (You took it off a minotaur in a Gauntlet)

   [ring of protection from fire]

   Str:       It affects your strength (-2).
   rF:        It protects you from fire.
   rElec:     It insulates you from electricity.
   Stlth:     It makes you more stealthy.
 Z - the cursed ring "Ethics of the Sky" (left hand) {Will++ AC+4 Str+6 Dex-5, Evo, Fort}
   (You took it off a merfolk on level 4 of the Shoals)

   [ring of protection]

   AC:        It affects your AC (+4).
   Str:       It affects your strength (+6).
   Dex:       It affects your dexterity (-5).
   Will:      It greatly increases your willpower.
   It has a curse which improves the following skills: Evocations: Evocations.
   Fortitude: Armour and Shields.
Wands
 d - a wand of digging (9)
   (You found it on level 2 of the Spider Nest)
 h - a wand of acid (43)
   (You found it on level 10 of the Dungeon)
 i - a wand of iceblast (71)
   (You found it on level 4 of the Dungeon)
 y - a wand of mindburst (22)
   (You found it on level 2 of the Lair of Beasts)
Scrolls
 o - 8 scrolls of fog
 A - 13 scrolls of noise {!r}
 D - 10 scrolls of blinking {!r}
 E - 4 scrolls of fear
 O - 6 scrolls of silence
 Q - 6 scrolls of amnesia
 S - 2 scrolls of summoning
 V - 4 scrolls of vulnerability {!r!r}
 W - a scroll of holy word {!r}
 Y - 21 scrolls of teleportation {@r3}
Potions
 e - 11 potions of might
 x - 4 potions of cancellation
 B - 5 potions of brilliance
 H - 2 potions of haste
 I - 3 potions of invisibility
 J - 14 potions of curing {@q1}
 M - 8 potions of magic
 N - 11 potions of heal wounds {@q2}
 R - 5 potions of resistance
 U - a potion of mutation {!q}
Miscellaneous
 g - a tin of tremorstones (2/2)
   (You found it on level 10 of the Dungeon)
 l - a condenser vane
   (You found it on level 5 of the Vaults)
 m - a phantom mirror
   (You found it on level 10 of the Dungeon)
 v - a lightning rod (4/4)
   (You found it on level 4 of the Shoals)
 z - a box of beasts
   (You found it on level 3 of the Elven Halls)


   Skills:
 + Level 17.7(21.0) Fighting
 + Level 17.7(21.0) Short Blades
 + Level 17.7(21.0) Long Blades
 + Level 17.7(21.0) Axes
 + Level 17.7(21.0) Maces & Flails
 + Level 17.7(21.0) Polearms
 + Level 17.7(21.0) Staves
 + Level 17.7(21.0) Slings
 + Level 17.7(21.0) Bows
 + Level 17.7(21.0) Crossbows
 + Level 17.7(21.0) Throwing
 + Level 17.7(22.1) Armour
 + Level 18.2(20.2) Dodging
 + Level 18.1(20.1) Stealth
 + Level 17.7(22.1) Shields
 + Level 17.7(21.0) Unarmed Combat
 + Level 18.2(21.4) Spellcasting
 + Level 16.5(19.9) Conjurations
 + Level 15.3(18.8) Hexes
 + Level 15.3(17.5) Summonings
 + Level 15.3(17.5) Necromancy
 + Level 15.3(18.8) Translocations
 + Level 15.3(17.5) Transmutations
 + Level 15.3(17.5) Fire Magic
 + Level 15.3(17.5) Ice Magic
 + Level 15.3(17.5) Air Magic
 + Level 15.3(17.5) Earth Magic
 + Level 15.3(17.5) Poison Magic
 + Level 19.1 Invocations
 + Level 17.7(19.8) Evocations


You had 10 spell levels left.
You knew the following spells:

 Your Spells              Type           Power      Damage    Failure   Level
a - Borgnjor's Vile Clut  Necr/Erth      17%        N/A       1%          5
b - Dispersal             Tloc           18%        N/A       1%          6
c - Dazzling Flash        Conj/Hex       76%        N/A       0%          3
d - Tukima's Dance        Hex            37%        N/A       0%          3
e - Blink                 Tloc           N/A        N/A       0%          2
f - Ignite Poison         Fire/Tmut/Pois 35%        N/A       0%          3
g - Irradiate             Conj/Tmut      18%        3d19      1%          5
h - Frozen Ramparts       Ice            70%        1d9       0%          3
i - Portal Projectile     Hex/Tloc       74%        N/A       0%          3
j - Lesser Beckoning      Tloc           37%        N/A       0%          3
k - Yara's Violent Unrav  Hex/Tmut       18%        3d9       1%          5
l - Apportation           Tloc           74%        N/A       0%          1
m - Statue Form           Tmut/Erth      23%        N/A       1%          6
n - Manifold Assault      Tloc           37%        N/A       1%          5
w - Passwall              Tmut/Erth      29%        N/A       0%          2
x - Mephitic Cloud        Conj/Pois/Air  36%        N/A       0%          3

Your spell library contained the following spells:

 Spells                   Type           Power      Damage    Failure   Level
 Foxfire                  Conj/Fire      100%       2x1d9     0%          1
 Freeze                   Ice            100%       1d11      0%          1
 Magic Dart               Conj           100%       1d8       0%          1
 Sting                    Tmut/Pois      100%       1d8       0%          1
 Summon Small Mammal      Summ           100%       N/A       0%          1
 Call Imp                 Summ           35%        N/A       0%          2
 Poisonous Vapours        Pois/Air       70%        N/A       0%          2
 Searing Ray              Conj           76%        2d7       0%          2
 Slow                     Hex            37%        N/A       0%          2
 Static Discharge         Conj/Air       37%        N/A       0%          2
 Sublimation of Blood     Necr           17%        N/A       0%          2
 Confusing Touch          Hex            37%        N/A       0%          3
 Conjure Flame            Conj/Fire      37%        6-21      0%          3
 Inner Flame              Hex/Fire       36%        N/A       0%          3
 Summon Guardian Golem    Hex/Summ       36%        N/A       0%          3
 Swiftness                Air            35%        N/A       0%          3
 Vampiric Draining        Necr           17%        2d8       0%          3
 Cause Fear               Hex            18%        N/A       0%          4
 Fulminant Prism          Conj/Hex       19%        3d11      0%          4
 Iskenderun's Mystic Bla  Conj/Tloc      38%        2d9       0%          4
 Passage of Golubria      Tloc           N/A        N/A       0%          4
 Animate Dead             Necr           17%        N/A       1%          4
 Dispel Undead            Necr           35%        3d15      1%          4
 Flame Wave               Conj/Fire      37%        3d8       1%          4
 Hailstorm                Conj/Ice       37%        3d9       1%          4
 Leda's Liquefaction      Hex/Erth       18%        N/A       1%          4
 Olgreb's Toxic Radiance  Pois           35%        N/A       1%          4
 Petrify                  Tmut/Erth      35%        N/A       1%          4
 Sticky Flame             Conj/Fire      37%        2d6       1%          4
 Summon Lightning Spire   Summ/Air       35%        N/A       1%          4
 Alistair's Intoxication  Tmut/Pois      23%        N/A       1%          5
 Fireball                 Conj/Fire      18%        3d9       1%          5
 Freezing Cloud           Conj/Ice/Air   18%        6-21      1%          5
 Lee's Rapid Deconstruct  Erth           17%        3d12*     1%          5
 Summon Forest            Summ/Tloc      18%        N/A       1%          5
 Eringya's Noxious Bog    Tmut/Pois      17%        N/A       1%          6
 Invisibility             Hex            18%        N/A       1%          6
 Starburst                Conj/Fire      18%        6d7       1%          6
 Storm Form               Tmut/Air       17%        N/A       3%          7
 Summon Hydra             Summ           17%        N/A       3%          7
 Discord                  Hex            18%        N/A       19%         8
 Disjunction              Tloc           18%        N/A       19%         8
 Ignition                 Fire           17%        3d7       32%         8
 Maxwell's Capacitive Co  Air            17%        ∞         32%         8
 Necromutation            Tmut/Necr      17%        N/A       32%         8
 Polar Vortex             Ice            17%        N/A       99%         9
 Shatter                  Erth           17%        3d16*     99%         9


Dungeon Overview and Level Annotations

Branches:
Dungeon (15/15)            Temple (0/1) D:4            Lair (6/6) D:8
 Shoals (4/4) Lair:4       Spider (4/4) Lair:3        Slime (5/5) Lair:5
    Orc (2/2) D:11            Elf (3/3) Orc:2        Vaults (5/5) D:13
  Crypt (0/3) Vaults:2     Depths (5/5) D:15            Zot (5/5) Depths:5
  IceCv (visited)         Desolation (visited)      Gauntlet (visited)

Altars:
Ashenzari
Cheibriados
Gozag
Hepliaklqana
Kikubaaqudgha
Qazlal
Ru
Sif Muna
Vehumet
Xom

Shops:
D:1 !   D:4 :   D:7 !   Orc:1 *   Orc:2 :[(*   Shoals:3 (   Vaults:2 *=
Depths:1 *

Portals:
Hell: Depths:5
Pandemonium: Depths:1
Ziggurat: Depths:1

Annotations:
Lair:2 1 runed translucent door, Vude's ghost, journeyman HOMo
Lair:3 exclusion: oklob plant
Shoals:1 Roxanne
Shoals:2 Mlioglotl
Elf:2 3 runed translucent doors
Vaults:1 2 transporters
Depths:1 exclusion: great orb of eyes


Innate Abilities, Weirdness & Mutations

You have very sharp teeth.
Your uncanny sense of smell can sniff out nearby items.
Your experience applies equally to all skills.
You have hooves in place of feet.
You are very clumsy. (Dex -4)
You are very dopey. (Int -4)
Potions are less effective at restoring your health.
Your spells are a little easier to cast, but a little less powerful.


Message History

You feel yourself slow down.
There is an open door here.
There is an open door here.
There is a stone staircase leading up here.
You regained 5 hp, and now have 185/228 hp.
You climb upwards.
There is a stone staircase leading down here.
There is a stone staircase leading up here.
You regained 2 hp, and now have 188/228 hp.
You climb upwards.
There is a stone staircase leading down here.
Items here: ( )))) [[[.
Things that are here:
a +0 plate armour; a +0 battleaxe 2 golden eyes come into view.
The golden eye turns its gaze towards you.
You regained 8 hp, and now have 197/228 hp.
The golden eye blinks at you. You resist with almost no effort.
You rampage towards the golden eye!
You slice the golden eye!! You freeze the golden eye.
You kill the golden eye!
You completely miss the golden eye. Your kick misses the golden eye.
Your bite misses the golden eye. The golden eye blinks at you.
You resist with almost no effort.
You slash the golden eye! You freeze the golden eye.
The golden eye blinks at you. You resist with almost no effort.
You slash the golden eye! You freeze the golden eye.
You kill the golden eye!
There is a stone staircase leading up here.
You regained 13 hp, and now have 212/228 hp.
You climb upwards.
There is a stone staircase leading down here.
There is an open door here.
You sense a monster nearby.
You regained 2 hp, and now have 215/228 hp.
There is an escape hatch in the ceiling here.
A mysterious force pulls you upwards. The hatch slams shut behind you.
There is an open door here.
A red devil comes into view. It is wielding a +0 trident.
There is an open door here.
You regained 2 hp, and now have 220/228 hp.
You block the red devil's attack. You block the red devil's attack.
There is a stone staircase leading up here.
You block the red devil's attack.
You climb upwards.
An orange demon and a pandemonium lord come into view.
There is a stone staircase leading down here.
Health restored: 228 The orange demon moves out of view.
Webbui gestures.
Webbui flickers and vanishes for a moment.
There is a stone staircase leading up here.
You climb upwards.
There is a stone staircase leading down here.
A rock wall.
This square is covered in magical glow.
The rock shatters into small pieces.
There is a stone staircase leading up, spattered with blood here.
You climb upwards.
There is a stone staircase leading down here.
You see here a +0 giant club.
Things that are here:
a +0 leather armour; a +0 rapier
There is a stone staircase leading up here.
You climb upwards.
There is a stone staircase leading down here.
There is a stone staircase leading up here.
You climb upwards.
There is a stone staircase leading down here.
There is an open door here.
A rock wall.
This square is covered in magical glow.
The rock shatters into small pieces.
A rock wall.
This square is covered in magical glow.
The rock shatters into small pieces.
There is a stone staircase leading up here.
You climb upwards.
There is a stone staircase leading down here.
There is a stone staircase leading up here.
You climb upwards.
A chaos spawn comes into view.
There is a stone staircase leading down here.
You slice the chaos spawn!! You freeze the chaos spawn.
Your kick misses the chaos spawn. You cut the chaos spawn into ribbons!!!
You freeze the chaos spawn.
You kill the chaos spawn!
The chaos spawn degenerates into a cloud of primal chaos!
There is a stone staircase leading down here.
You see here a +0 short sword.
There is an open door here.
There is a stone staircase leading down here.
You open the door.
There is an open door here.
There is a staircase leading out of the dungeon here.
You have escaped!

#.##.# #.# #....# #.# # #####
###### #.# # ##################
#.# # ###>.............##### #.#
# .....#..#..#..#..#...## #.#####
.#...............#....#####......
.##..............#..[........####
.##>............@#....###.....# #
###..............#...## ##...## #
##...............##.## ##.## #
#....#..#..#..#..##.## #.#
...>.............#...# #.#
#..################..# ##'## ##.#
#.# ##..# ##...## #.## #.###...#
##.....## #..##
#.##..#.###.......##


There were no monsters in sight!

Vanquished Creatures
  the Royal Jelly (Slime:5)
  5 dread liches
  4 orbs of fire (Zot:5)
  Mara (Elf:3)
  7 Killer Klowns (Zot:5)
  Bai Suzhen (Spider:3)
  A curse toe (Zot:5)
  3 golden dragons
  Jory (Depths:3)
  2 electric golems (Zot:5)
  An iron giant (Zot:5)
  Jorgrun (D:14)
  7 tentacled monstrosities
  A deep elf blademaster (Elf:3)
  A titan (Vaults:4)
  26 Orb Guardians
  A quicksilver dragon (Zot:5)
  3 liches
  A deep elf master archer (Elf:3)
  5 death cobs
  4 krakens
  6 sphinxes
  9 acid blobs
  Frances (D:14)
  8 shadow dragons
  Ilsuiw (Shoals:2)
  4 tengu reavers
  6 storm dragons
  A draconian monk (Zot:2)
  6 azure jellies
  8 rockslimes (Slime:5)
  A daeva (Depths:4)
  7 fire giants
  An orc warlord (Orc:2)
  3 draconian knights
  17 vault wardens
  7 frost giants
  4 ghost moths (Spider:4)
  2 deep elf elementalists (Elf:3)
  5 deep elf sorcerers (Elf:3)
  4 draconian scorchers
  4 draconian shifters
  4 imperial myrmidons (Desolation)
  3 emperor scorpions
  10 quicksilver oozes
  Aizul (Elf:3)
  21 very ugly things
  18 ironbound preservers
  4 draconian annihilators
  9 stone giants
  3 war gargoyles
  A juggernaut skeleton (Depths:2)
  A green draconian (Zot:5)
  6 deep elf demonologists
  3 purple draconians
  7 black draconians
  2 vampire knights
  12 deep elf annihilators
  A minotaur (Gauntlet)
  9 spark wasps
  4 yellow draconians (Zot:5)
  4 entropy weavers
  2 lorocyprocas
  11 white draconians
  3 dire elephants
  3 halazid warlocks (Desolation)
  5 red draconians
  6 merfolk javelineers
  15 ettins
  10 merfolk impalers
  8 deep elf death magi
  7 ragged hierophants (Desolation)
  A fire dragon (Depths:5)
  10 great orbs of eyes
  9 yaktaur captains
  3 jiangshi (Depths:4)
  A crystal guardian (Vaults:3)
  4 ironbound thunderhulks
  5 deep elf high priests
  6 ice dragons
  10 hydras
  6 boulder beetles
  5 servants of whispers (Desolation)
  7 peacekeepers
  3 spriggan air magi
  5 catoblepae
  34 vault guards
  2 death knights (Vaults:2)
  An ogre mage (Vaults:4)
  4 merfolk avatars
  4 merfolk aquamancers
  21 centaur warriors
  13 ironbound frosthearts
  8 satyrs
  2 two-headed ogres (Orc:2)
  19 dancing weapons
  An alligator (shapeshifter) (Vaults:5)
  The ghost of Goblin1989 the Cleaver, a novice DsCA of Ignis (D:11)
  10 tengu warriors
  10 deep troll earth magi
  6 ironbound beastmasters
  13 death yaks
  4 deep troll shamans
  2 vampire magi
  2 orc high priests
  A thrashing horror (Abyss:3)
  3 spriggan berserkers
  13 deep elf knights
  5 hell knights (Depths:3)
  A spriggan (Depths:4)
  A shadow wraith (Vaults:5)
  2 fire crabs
  A sixfirhy (D:15)
  19 sea snakes
  42 deep trolls
  2 iron trolls (Depths:3)
  2 glowing orange brains
  A spatial maelstrom (Abyss:3)
  5 phantasmal warriors (Vaults:5)
  2 flayed ghosts
  9 deep elf archers
  An obsidian statue (Zot:5)
  18 ironbound convokers
  5 large abominations
  13 wizards
  13 harpies
  25 deep elf zephyrmancers
  8 lindwurms
  A golden dragon skeleton (Depths:2)
  A harpy (shapeshifter) (D:15)
  25 orb spiders
  7 necromancers
  22 deep elf pyromancers
  28 wolf spiders
  39 ugly things
  A cyclops (shapeshifter) (Vaults:5)
  A fire giant zombie (Depths:3)
  A faun (shapeshifter) (Vaults:5)
  5 orc sorcerers
  4 orc knights
  2 shining eyes (Slime:5)
  25 fauns
  A worldbinder (Abyss:3)
  15 manticores
  10 moths of wrath
  A rust devil (Zot:2)
  8 cyclopes
  8 elephants
  A guardian serpent (Desolation)
  3 water nymphs
  24 vault sentinels
  4 black mambas
  13 merfolk sirens
  2 ice statues (IceCv)
  2 torpor snails
  An unseen horror (D:12)
  An eye of devastation (Slime:3)
  A spriggan skeleton (Depths:2)
  A kobold demonologist (D:11)
  A molten gargoyle (Desolation)
  15 cane toads
  A rime drake (shapeshifter) (D:13)
  2 efreet
  A yaktaur (shapeshifter) (D:14)
  5 rime drakes
  8 komodo dragons
  23 demonic crawlers
  A freezing wraith (D:10)
  2 human skeletons (Vaults:5)
  2 hellwings (Abyss:3)
  2 tengu conjurers (Depths:2)
  33 yaktaurs
  An ancient zyme (Abyss:3)
  38 jumping spiders
  7 trolls
  9 meliai
  32 merfolk
  4 polar bears
  5 wind drakes
  6 hornets
  80 slime creatures
  2 raiju (Abyss:3)
  39 saltlings (Desolation)
  11 snapping turtles
  9 dream sheep
  An iron dragon simulacrum (Depths:3)
  7 small abominations
  18 blink frogs
  2 human simulacra (Vaults:5)
  73 redbacks
  34 tarantellas
  2 redbacks (shapeshifter) (Vaults:5)
  A shadow (D:12)
  Eustachio (D:5)
  An air elemental (Elf:1)
  A tarantella (shapeshifter) (Vaults:5)
  A vampire (D:10)
  2 water elementals
  7 wyverns
  2 ynoxinuls (Abyss:3)
  45 yaks
  3 fire elementals
  2 basilisks (shapeshifter)
  A wraith (D:13)
  4 basilisks
  A steam dragon (Lair:6)
  2 golden eyes (D:10)
  A chaos spawn (D:1)
  A spatial vortex (Abyss:3)
  4 wargs
  A human zombie (Depths:3)
  A redback simulacrum (D:14)
  4 vampire mosquitoes (Elf:2)
  An ogre zombie (Vaults:5)
  A swamp worm (shapeshifter) (Vaults:5)
  An acid dragon (D:11)
  16 water moccasins
  3 black bears
  43 orc warriors
  A sky beast (D:3)
  2 ice beasts
  8 ogres
  An ettin simulacrum (Depths:2)
  2 necrophages (D:7)
  24 centaurs
  26 wolves
  A boggart (Vaults:4)
  2 phantoms
  Blork the orc (D:5)
  2 kobold brigands (D:8)
  13 bullfrogs
  4 scorpions
  4 earth elementals
  A wyvern skeleton (D:7)
  2 lindwurm simulacra (IceCv)
  11 killer bees (D:9)
  9 wights
  A howler monkey (D:6)
  6 centaur zombies
  6 electric eels
  A crimson imp (Abyss:3)
  2 jellies
  8 komodo dragon simulacra (IceCv)
  A bullfrog zombie (D:6)
  9 orc priests
  2 centaur skeletons
  A hound (D:5)
  2 gnoll shamans
  A bullfrog skeleton (D:5)
  2 iguanas (D:4)
  Ijyb (D:4)
  29 orc wizards
  A centaur simulacrum (D:10)
  A howler monkey zombie (D:5)
  18 gnolls
  A howler monkey skeleton (D:5)
  7 acid dragon simulacra (IceCv)
  5 adders
  A shadow imp (D:5)
  15 white imps (D:12)
  4 steam dragon simulacra (IceCv)
  An ufetubus (D:12)
  An adder skeleton (D:4)
  2 dart slugs
  86 orcs
  7 endoplasms
  3 giant cockroaches
  7 goblins
  8 hobgoblins
  6 quokkas
  3 training dummies (Shoals:3)
  7 ball pythons
  4 bats
  A frilled lizard (D:3)
  17 kobolds
  7 rats
  13 tentacles
2096 creatures vanquished.

Vanquished Creatures (collateral kills)
  An Orb Guardian (Zot:5)
  3 acid blobs
  A kraken (Shoals:4)
  Polyphemus (Shoals:4)
  A sea snake (Shoals:4)
  4 slime creatures
  An orc wizard (Orc:2)
  2 orcs (Orc:2)
  A tentacle (Shoals:4)
15 creatures vanquished.

Vanquished Creatures (others)
  A shadow dragon (Vaults:5)
  An ironbound preserver (Vaults:4)
  A red draconian (Zot:5)
  A vault guard (Vaults:5)
  An ironbound frostheart (Vaults:2)
  A deep elf knight (Elf:3)
  A sea snake (Shoals:2)
  A jumping spider (Spider:1)
  A wyvern (shapeshifter) (Vaults:5)
  2 dancing weapons
  A kobold brigand (D:7)
  A howler monkey (D:2)
  A killer bee zombie (D:7)
  2 endoplasms (D:2)
  5 kobolds (D:7)
  A bush (Lair:6)
  35 fungi
  281 plants
  3 starspawn tentacles (Abyss:3)
  38 tentacles
  4 withered plants (Gauntlet)
383 creatures vanquished.

Grand Total: 2494 creatures vanquished

Notes
Turn   | Place    | Note
-------+----------+-------------------------------------------
     0 | D:1      | totalnoob the Gnoll Conjurer began the quest for the Orb.
     0 | D:1      | Reached XP level 1. HP: 13/13 MP: 6/6
   313 | D:1      | Reached XP level 2. HP: 19/19 MP: 5/7
   369 | D:1      | Learned a level 2 spell: Searing Ray
   721 | D:1      | Found Keonlasor's Distillery.
   935 | D:1      | Reached XP level 3. HP: 25/25 MP: 6/9
   988 | D:1      | Bought a potion of curing for 36 gold pieces
  1079 | D:1      | Reached skill level 5 in Spellcasting
  1311 | D:2      | Reached skill level 1 in Invocations
  1375 | D:2      | Reached skill level 1 in Fighting
  1375 | D:2      | Reached skill level 1 in Short Blades
  1375 | D:2      | Reached skill level 1 in Long Blades
  1375 | D:2      | Reached skill level 1 in Axes
  1375 | D:2      | Reached skill level 1 in Maces & Flails
  1375 | D:2      | Reached skill level 1 in Polearms
  1375 | D:2      | Reached skill level 1 in Staves
  1375 | D:2      | Reached skill level 1 in Slings
  1375 | D:2      | Reached skill level 1 in Bows
  1375 | D:2      | Reached skill level 1 in Crossbows
  1375 | D:2      | Reached skill level 1 in Throwing
  1375 | D:2      | Reached skill level 1 in Armour
  1375 | D:2      | Reached skill level 1 in Shields
  1375 | D:2      | Reached skill level 1 in Unarmed Combat
  1375 | D:2      | Reached skill level 1 in Evocations
  1490 | D:2      | Reached XP level 4. HP: 32/32 MP: 7/11
  1544 | D:1      | Learned a level 3 spell: Dazzling Flash
  1594 | D:2      | Found a faded altar of an unknown god.
  1600 | D:2      | Became a worshipper of Ashenzari the Shackled
  1600 | D:2      | Identified a scroll of acquirement
  1873 | D:4      | Found a staircase to the Ecumenical Temple.
  1889 | D:4      | Acquired the amulet "Navumal" {Reflect Rampage rC+ Will-
                  | Dex+4 SH+5}
  1968 | D:2      | Reached skill level 1 in Hexes
  1968 | D:2      | Reached skill level 1 in Summonings
  1968 | D:2      | Reached skill level 1 in Necromancy
  1968 | D:2      | Reached skill level 1 in Translocations
  1968 | D:2      | Reached skill level 1 in Transmutations
  1968 | D:2      | Reached skill level 1 in Fire Magic
  1968 | D:2      | Reached skill level 1 in Ice Magic
  1968 | D:2      | Reached skill level 1 in Air Magic
  1968 | D:2      | Reached skill level 1 in Earth Magic
  1968 | D:2      | Reached skill level 1 in Poison Magic
  2027 | D:2      | Found a shimmering altar of Xom.
  2137 | D:2      | Reached XP level 5. HP: 38/38 MP: 4/13
  2942 | D:3      | Noticed a sky beast
  2954 | D:3      | Killed a sky beast
  2955 | D:3      | Reached skill level 2 in Invocations
  2955 | D:3      | Reached XP level 6. HP: 44/44 MP: 7/14
  3335 | D:4      | Reached skill level 5 in Dodging
  3386 | D:4      | Noticed Ijyb
  3407 | D:4      | Reached skill level 2 in Fighting
  3407 | D:4      | Reached skill level 2 in Short Blades
  3407 | D:4      | Reached skill level 2 in Long Blades
  3407 | D:4      | Reached skill level 2 in Axes
  3407 | D:4      | Reached skill level 2 in Maces & Flails
  3407 | D:4      | Reached skill level 2 in Polearms
  3407 | D:4      | Reached skill level 2 in Staves
  3407 | D:4      | Reached skill level 2 in Slings
  3407 | D:4      | Reached skill level 2 in Bows
  3407 | D:4      | Reached skill level 2 in Crossbows
  3407 | D:4      | Reached skill level 2 in Throwing
  3407 | D:4      | Reached skill level 2 in Armour
  3407 | D:4      | Reached skill level 2 in Shields
  3407 | D:4      | Reached skill level 2 in Unarmed Combat
  3407 | D:4      | Reached skill level 2 in Evocations
  3843 | D:4      | Reached XP level 7. HP: 48/51 MP: 9/16
  3911 | D:4      | Found Duagumio's Book Shoppe.
  3976 | D:4      | Reached * piety under Ashenzari
  4548 | D:5      | Entered Level 5 of the Dungeon
  4562 | D:4      | Killed Ijyb
  4573 | D:4      | Reached skill level 2 in Hexes
  4573 | D:4      | Reached skill level 2 in Summonings
  4573 | D:4      | Reached skill level 2 in Necromancy
  4573 | D:4      | Reached skill level 2 in Translocations
  4573 | D:4      | Reached skill level 2 in Transmutations
  4573 | D:4      | Reached skill level 2 in Fire Magic
  4573 | D:4      | Reached skill level 2 in Ice Magic
  4573 | D:4      | Reached skill level 2 in Air Magic
  4573 | D:4      | Reached skill level 2 in Earth Magic
  4573 | D:4      | Reached skill level 2 in Poison Magic
  4672 | D:5      | Noticed Eustachio
  4799 | D:5      | Killed Eustachio
  4800 | D:5      | Reached skill level 5 in Stealth
  4800 | D:5      | Reached skill level 3 in Invocations
  5226 | D:5      | Reached XP level 8. HP: 51/60 MP: 11/18
  5385 | D:5      | Reached skill level 3 in Fighting
  5385 | D:5      | Reached skill level 3 in Short Blades
  5385 | D:5      | Reached skill level 3 in Long Blades
  5385 | D:5      | Reached skill level 3 in Axes
  5385 | D:5      | Reached skill level 3 in Maces & Flails
  5385 | D:5      | Reached skill level 3 in Polearms
  5385 | D:5      | Reached skill level 3 in Staves
  5385 | D:5      | Reached skill level 3 in Slings
  5385 | D:5      | Reached skill level 3 in Bows
  5385 | D:5      | Reached skill level 3 in Crossbows
  5385 | D:5      | Reached skill level 3 in Throwing
  5385 | D:5      | Reached skill level 3 in Armour
  5385 | D:5      | Reached skill level 3 in Shields
  5385 | D:5      | Reached skill level 3 in Unarmed Combat
  5385 | D:5      | Reached skill level 3 in Evocations
  5460 | D:5      | Found an opulent altar of Gozag.
  5461 | D:5      | Found a shimmering blue altar of Sif Muna.
  5461 | D:5      | Found an ancient bone altar of Kikubaaqudgha.
  5462 | D:5      | Found a snail-covered altar of Cheibriados.
  5628 | D:5      | Noticed Blork the orc
  5649 | D:5      | Reached skill level 6 in Spellcasting
  5754 | D:5      | Killed Blork the orc
  6589 | D:6      | Reached skill level 3 in Hexes
  6589 | D:6      | Reached skill level 3 in Summonings
  6589 | D:6      | Reached skill level 3 in Necromancy
  6589 | D:6      | Reached skill level 3 in Translocations
  6589 | D:6      | Reached skill level 3 in Transmutations
  6589 | D:6      | Reached skill level 3 in Fire Magic
  6589 | D:6      | Reached skill level 3 in Ice Magic
  6589 | D:6      | Reached skill level 3 in Air Magic
  6589 | D:6      | Reached skill level 3 in Earth Magic
  6589 | D:6      | Reached skill level 3 in Poison Magic
  6589 | D:6      | Reached skill level 4 in Invocations
  6724 | D:6      | Reached skill level 6 in Dodging
  6954 | D:6      | Learned a level 3 spell: Tukima's Dance
  6993 | D:6      | Reached XP level 9. HP: 64/66 MP: 15/20
  7035 | D:6      | Found a stormy altar of Qazlal.
  7250 | D:6      | Reached ** piety under Ashenzari
  7314 | D:6      | Reached skill level 4 in Fighting
  7314 | D:6      | Reached skill level 4 in Short Blades
  7314 | D:6      | Reached skill level 4 in Long Blades
  7314 | D:6      | Reached skill level 4 in Axes
  7314 | D:6      | Reached skill level 4 in Maces & Flails
  7314 | D:6      | Reached skill level 4 in Polearms
  7314 | D:6      | Reached skill level 4 in Staves
  7314 | D:6      | Reached skill level 4 in Slings
  7314 | D:6      | Reached skill level 4 in Bows
  7314 | D:6      | Reached skill level 4 in Crossbows
  7314 | D:6      | Reached skill level 4 in Throwing
  7314 | D:6      | Reached skill level 4 in Armour
  7314 | D:6      | Reached skill level 4 in Shields
  7314 | D:6      | Reached skill level 4 in Unarmed Combat
  7314 | D:6      | Reached skill level 4 in Evocations
  7465 | D:6      | Reached skill level 6 in Stealth
  7465 | D:6      | Reached skill level 8 in Conjurations
  7634 | D:7      | Found Unlen's Distillery.
  8056 | D:6      | HP: 11/67 [orc warrior (8)]
  8330 | D:7      | Bought a potion of heal wounds for 55 gold pieces
  8637 | D:7      | Reached skill level 5 in Invocations
  8715 | D:7      | Learned a level 2 spell: Blink
  8719 | D:7      | Learned a level 3 spell: Mephitic Cloud
  8723 | D:7      | Learned a level 3 spell: Ignite Poison
  8929 | D:7      | Learned a level 5 spell: Irradiate
  9050 | D:8      | Found a staircase to the Lair.
  9132 | D:8      | Found a hazy altar of Hepliaklqana.
  9407 | D:8      | Reached skill level 7 in Spellcasting
  9407 | D:8      | Reached skill level 4 in Hexes
  9407 | D:8      | Reached skill level 4 in Summonings
  9407 | D:8      | Reached skill level 4 in Necromancy
  9407 | D:8      | Reached skill level 4 in Translocations
  9407 | D:8      | Reached skill level 4 in Transmutations
  9407 | D:8      | Reached skill level 4 in Fire Magic
  9407 | D:8      | Reached skill level 4 in Ice Magic
  9407 | D:8      | Reached skill level 4 in Air Magic
  9407 | D:8      | Reached skill level 4 in Earth Magic
  9407 | D:8      | Reached skill level 4 in Poison Magic
  9407 | D:8      | Reached XP level 10. HP: 72/76 MP: 8/22
  9629 | D:8      | Reached skill level 5 in Fighting
  9629 | D:8      | Reached skill level 5 in Short Blades
  9629 | D:8      | Reached skill level 5 in Long Blades
  9629 | D:8      | Reached skill level 5 in Axes
  9629 | D:8      | Reached skill level 5 in Maces & Flails
  9629 | D:8      | Reached skill level 5 in Polearms
  9629 | D:8      | Reached skill level 5 in Staves
  9629 | D:8      | Reached skill level 5 in Slings
  9629 | D:8      | Reached skill level 5 in Bows
  9629 | D:8      | Reached skill level 5 in Crossbows
  9629 | D:8      | Reached skill level 5 in Throwing
  9629 | D:8      | Reached skill level 5 in Armour
  9629 | D:8      | Reached skill level 5 in Shields
  9629 | D:8      | Reached skill level 5 in Unarmed Combat
  9629 | D:8      | Reached skill level 5 in Evocations
 10443 | Lair:1   | Entered Level 1 of the Lair of Beasts
 10448 | Lair:1   | Reached skill level 7 in Dodging
 10570 | Lair:1   | Reached skill level 6 in Invocations
 10705 | Lair:1   | Learned a level 3 spell: Frozen Ramparts
 10716 | Lair:1   | Reached skill level 7 in Stealth
 10857 | Lair:1   | Noticed a cane toad
 10859 | Lair:1   | Killed a cane toad
 10866 | Lair:1   | Noticed a four-headed hydra
 10881 | Lair:1   | Killed a four-headed hydra
 10882 | Lair:1   | Reached XP level 11. HP: 68/84 MP: 11/24
 11030 | Lair:1   | Reached skill level 6 in Fighting
 11030 | Lair:1   | Reached skill level 6 in Short Blades
 11030 | Lair:1   | Reached skill level 6 in Long Blades
 11030 | Lair:1   | Reached skill level 6 in Axes
 11030 | Lair:1   | Reached skill level 6 in Maces & Flails
 11030 | Lair:1   | Reached skill level 6 in Polearms
 11030 | Lair:1   | Reached skill level 6 in Staves
 11030 | Lair:1   | Reached skill level 6 in Slings
 11030 | Lair:1   | Reached skill level 6 in Bows
 11030 | Lair:1   | Reached skill level 6 in Crossbows
 11030 | Lair:1   | Reached skill level 6 in Throwing
 11030 | Lair:1   | Reached skill level 6 in Armour
 11030 | Lair:1   | Reached skill level 6 in Shields
 11030 | Lair:1   | Reached skill level 6 in Unarmed Combat
 11030 | Lair:1   | Reached skill level 6 in Evocations
 11123 | Lair:1   | Reached skill level 5 in Hexes
 11123 | Lair:1   | Reached skill level 5 in Summonings
 11123 | Lair:1   | Reached skill level 5 in Necromancy
 11123 | Lair:1   | Reached skill level 5 in Translocations
 11123 | Lair:1   | Reached skill level 5 in Transmutations
 11123 | Lair:1   | Reached skill level 5 in Fire Magic
 11123 | Lair:1   | Reached skill level 5 in Ice Magic
 11123 | Lair:1   | Reached skill level 5 in Air Magic
 11123 | Lair:1   | Reached skill level 5 in Earth Magic
 11123 | Lair:1   | Reached skill level 5 in Poison Magic
 11125 | Lair:1   | Reached skill level 8 in Spellcasting
 11595 | Lair:2   | Noticed a four-headed hydra
 11603 | Lair:2   | Killed a four-headed hydra
 11794 | Lair:2   | Found a runed translucent door.
 11795 | Lair:2   | Noticed Vude's ghost (journeyman HOMo)
 11795 | Lair:2   | Noticed an eight-headed hydra
 11824 | Lair:2   | Reached skill level 9 in Conjurations
 11824 | Lair:2   | Reached skill level 7 in Invocations
 11870 | Lair:2   | Reached skill level 8 in Dodging
 12124 | Lair:2   | Identified the +1 ring mail of Paranoia
 12200 | Lair:2   | Reached skill level 8 in Stealth
 12237 | Lair:2   | Noticed an eight-headed hydra
 12573 | Lair:2   | Killed an eight-headed hydra
 12622 | Lair:2   | Identified the +5 whip of the Iron City of Dis {freeze, rN+
                  | Will++}
 12640 | Lair:2   | Reached XP level 12. HP: 43/94 MP: 17/26
 13059 | Lair:3   | Reached skill level 7 in Fighting
 13059 | Lair:3   | Reached skill level 7 in Short Blades
 13059 | Lair:3   | Reached skill level 7 in Long Blades
 13059 | Lair:3   | Reached skill level 7 in Axes
 13059 | Lair:3   | Reached skill level 7 in Maces & Flails
 13059 | Lair:3   | Reached skill level 7 in Polearms
 13059 | Lair:3   | Reached skill level 7 in Staves
 13059 | Lair:3   | Reached skill level 7 in Slings
 13059 | Lair:3   | Reached skill level 7 in Bows
 13059 | Lair:3   | Reached skill level 7 in Crossbows
 13059 | Lair:3   | Reached skill level 7 in Throwing
 13059 | Lair:3   | Reached skill level 7 in Armour
 13059 | Lair:3   | Reached skill level 7 in Shields
 13059 | Lair:3   | Reached skill level 7 in Unarmed Combat
 13059 | Lair:3   | Reached skill level 7 in Evocations
 13123 | Lair:3   | Found a hole to the Spider Nest.
 13720 | Lair:4   | Noticed a death yak
 13720 | Lair:4   | Noticed a death yak
 13720 | Lair:4   | Noticed a death yak
 13720 | Lair:4   | Noticed a death yak
 13720 | Lair:4   | Noticed a death yak
 13720 | Lair:4   | Noticed a death yak
 13720 | Lair:4   | Noticed a seven-headed hydra
 13738 | Lair:3   | Killed a death yak
 13745 | Lair:3   | Killed a death yak
 13746 | Lair:3   | Reached skill level 6 in Hexes
 13746 | Lair:3   | Reached skill level 6 in Summonings
 13746 | Lair:3   | Reached skill level 6 in Necromancy
 13746 | Lair:3   | Reached skill level 6 in Translocations
 13746 | Lair:3   | Reached skill level 6 in Transmutations
 13746 | Lair:3   | Reached skill level 6 in Fire Magic
 13746 | Lair:3   | Reached skill level 6 in Ice Magic
 13746 | Lair:3   | Reached skill level 6 in Air Magic
 13746 | Lair:3   | Reached skill level 6 in Earth Magic
 13746 | Lair:3   | Reached skill level 6 in Poison Magic
 13820 | Lair:4   | Reached skill level 8 in Invocations
 13887 | Lair:4   | Reached skill level 9 in Spellcasting
 13926 | Lair:4   | Killed a seven-headed hydra
 14117 | Lair:4   | Noticed a seven-headed hydra
 14136 | Lair:4   | Killed a seven-headed hydra
 14150 | Lair:4   | Killed a death yak
 14151 | Lair:4   | Reached skill level 9 in Dodging
 14152 | Lair:4   | Killed a death yak
 14177 | Lair:4   | Killed a death yak
 14182 | Lair:4   | Killed a death yak
 14316 | Lair:4   | Reached XP level 13. HP: 101/101 MP: 21/27
 14319 | Lair:4   | Reached skill level 9 in Stealth
 14698 | Lair:4   | Found a staircase to the Shoals.
 14745 | Lair:4   | Reached skill level 8 in Fighting
 14745 | Lair:4   | Reached skill level 8 in Short Blades
 14745 | Lair:4   | Reached skill level 8 in Long Blades
 14745 | Lair:4   | Reached skill level 8 in Axes
 14745 | Lair:4   | Reached skill level 8 in Maces & Flails
 14745 | Lair:4   | Reached skill level 8 in Polearms
 14745 | Lair:4   | Reached skill level 8 in Staves
 14745 | Lair:4   | Reached skill level 8 in Slings
 14745 | Lair:4   | Reached skill level 8 in Bows
 14745 | Lair:4   | Reached skill level 8 in Crossbows
 14745 | Lair:4   | Reached skill level 8 in Throwing
 14745 | Lair:4   | Reached skill level 8 in Armour
 14745 | Lair:4   | Reached skill level 8 in Shields
 14745 | Lair:4   | Reached skill level 8 in Unarmed Combat
 14745 | Lair:4   | Reached skill level 8 in Evocations
 15602 | Lair:5   | Reached skill level 9 in Invocations
 16017 | Lair:5   | Found a staircase to the Slime Pits.
 16257 | Lair:6   | Entered Level 6 of the Lair of Beasts
 16267 | Lair:6   | Reached skill level 10 in Conjurations
 16419 | Lair:5   | Reached skill level 7 in Hexes
 16419 | Lair:5   | Reached skill level 7 in Summonings
 16419 | Lair:5   | Reached skill level 7 in Necromancy
 16419 | Lair:5   | Reached skill level 7 in Translocations
 16419 | Lair:5   | Reached skill level 7 in Transmutations
 16419 | Lair:5   | Reached skill level 7 in Fire Magic
 16419 | Lair:5   | Reached skill level 7 in Ice Magic
 16419 | Lair:5   | Reached skill level 7 in Air Magic
 16419 | Lair:5   | Reached skill level 7 in Earth Magic
 16419 | Lair:5   | Reached skill level 7 in Poison Magic
 16894 | Lair:6   | Reached skill level 10 in Spellcasting
 17373 | Lair:6   | Reached XP level 14. HP: 85/110 MP: 21/29
 17381 | Lair:6   | Reached skill level 10 in Dodging
 17394 | Lair:6   | Identified the +11 falchion "Gnoll's Regret" {distort,
                  | *Rage Fly Int-4}
 17586 | Lair:5   | Reached skill level 9 in Fighting
 17586 | Lair:5   | Reached skill level 9 in Short Blades
 17586 | Lair:5   | Reached skill level 9 in Long Blades
 17586 | Lair:5   | Reached skill level 9 in Axes
 17586 | Lair:5   | Reached skill level 9 in Maces & Flails
 17586 | Lair:5   | Reached skill level 9 in Polearms
 17586 | Lair:5   | Reached skill level 9 in Staves
 17586 | Lair:5   | Reached skill level 9 in Slings
 17586 | Lair:5   | Reached skill level 9 in Bows
 17586 | Lair:5   | Reached skill level 9 in Crossbows
 17586 | Lair:5   | Reached skill level 9 in Throwing
 17586 | Lair:5   | Reached skill level 9 in Armour
 17586 | Lair:5   | Reached skill level 9 in Shields
 17586 | Lair:5   | Reached skill level 9 in Unarmed Combat
 17586 | Lair:5   | Reached skill level 9 in Evocations
 17906 | Lair:6   | Reached skill level 10 in Stealth
 18280 | Lair:6   | Reached skill level 10 in Invocations
 18314 | Lair:6   | Reached *** piety under Ashenzari
 18687 | Lair:6   | Identified the Reference Book on the Traveller
 19128 | D:9      | Reached **** piety under Ashenzari
 19599 | D:10     | Entered Level 10 of the Dungeon
 19798 | D:10     | Learned a level 5 spell: Borgnjor's Vile Clutch
 19802 | D:10     | Learned a level 3 spell: Lesser Beckoning
 19808 | D:10     | Learned a level 5 spell: Yara's Violent Unravelling
 19890 | D:10     | Identified the +7 rapier "Uskats" {pain, Stlth+}
 19890 | D:10     | Noticed a stone giant
 19903 | D:10     | Identified the +7 short sword of the Dancing Whale {drain,
                  | *Rage Str+3 Stlth+}
 19967 | D:10     | Killed a stone giant
 20610 | D:11     | Noticed Goblin1989's ghost (novice DsCA)
 20614 | D:11     | Found a runed translucent door.
 20688 | D:11     | Reached skill level 8 in Hexes
 20688 | D:11     | Reached skill level 8 in Summonings
 20688 | D:11     | Reached skill level 8 in Necromancy
 20688 | D:11     | Reached skill level 8 in Translocations
 20688 | D:11     | Reached skill level 8 in Transmutations
 20688 | D:11     | Reached skill level 8 in Fire Magic
 20688 | D:11     | Reached skill level 8 in Ice Magic
 20688 | D:11     | Reached skill level 8 in Air Magic
 20688 | D:11     | Reached skill level 8 in Earth Magic
 20688 | D:11     | Reached skill level 8 in Poison Magic
 20745 | D:11     | Found a staircase to the Orcish Mines.
 20948 | D:11     | Identified the ring "Ecvyew" {Fly rN+ EV+4 Str-3}
 21476 | Orc:1    | Entered Level 1 of the Orcish Mines
 21568 | Orc:1    | Found Zongiadd's Assorted Antiques.
 21643 | Orc:1    | Bought a scroll labelled VOIWIG RU QIBY for 21 gold pieces
 21643 | Orc:1    | Bought a runed helmet for 157 gold pieces
 21643 | Orc:1    | Bought a potion of heal wounds for 105 gold pieces
 21643 | Orc:1    | Bought a wand of mindburst (12) for 84 gold pieces
 21984 | Orc:2    | Entered Level 2 of the Orcish Mines
 22116 | Orc:2    | Found a staircase to the Elven Halls.
 22184 | Orc:2    | Reached XP level 15. HP: 88/123 MP: 33/33
 22297 | Orc:2    | Found a shimmering blue altar of Sif Muna.
 22303 | Orc:2    | Identified Sif Muna's Papyrus of Summoning
 22458 | Orc:2    | Noticed an orc warlord
 22477 | Orc:2    | Killed an orc warlord
 22982 | Orc:2    | Reached skill level 11 in Spellcasting
 23296 | Orc:2    | Found Qoafux's Antique Armour Shoppe.
 23296 | Orc:2    | Found Osiyq's Antique Weapon Boutique.
 23298 | Orc:2    | Found Wuameli's Assorted Antiques.
 23300 | Orc:2    | Found Zuiggeb's Book Emporium.
 23307 | Orc:2    | Bought a sapphire potion for 27 gold pieces
 23314 | Orc:2    | Bought a fine chain mail for 323 gold pieces
 23314 | Orc:2    | Identified the +4 chain mail of the Sun {rC+ Int+4 Stlth+}
                  | (You bought it in a shop on level 2 of the Orcish Mines)
 23314 | Orc:2    | Bought a twisted scale mail for 306 gold pieces
 23314 | Orc:2    | Identified the +1 scale mail of Limited Liability {Int+3}
                  | (You bought it in a shop on level 2 of the Orcish Mines)
 23315 | Orc:2    | Bought a bloodstained hand crossbow for 314 gold pieces
 23315 | Orc:2    | Identified the +8 hand crossbow of Doom {penet, Int+2} (You
                  | bought it in a shop on level 2 of the Orcish Mines)
 23649 | D:11     | Killed Goblin1989's ghost
 23755 | D:12     | Found a frozen archway.
 23796 | IceCv    | Entered an ice cave
 24178 | IceCv    | Reached skill level 10 in Fighting
 24178 | IceCv    | Reached skill level 10 in Short Blades
 24178 | IceCv    | Reached skill level 10 in Long Blades
 24178 | IceCv    | Reached skill level 10 in Axes
 24178 | IceCv    | Reached skill level 10 in Maces & Flails
 24178 | IceCv    | Reached skill level 10 in Polearms
 24178 | IceCv    | Reached skill level 10 in Staves
 24178 | IceCv    | Reached skill level 10 in Slings
 24178 | IceCv    | Reached skill level 10 in Bows
 24178 | IceCv    | Reached skill level 10 in Crossbows
 24178 | IceCv    | Reached skill level 10 in Throwing
 24178 | IceCv    | Reached skill level 10 in Armour
 24178 | IceCv    | Reached skill level 10 in Shields
 24178 | IceCv    | Reached skill level 10 in Unarmed Combat
 24178 | IceCv    | Reached skill level 10 in Evocations
 24240 | IceCv    | Identified the +0 pair of boots of the True Pharaoh
                  | {Rampage Drain rC+++ Int-5}
 24242 | IceCv    | Identified the ring "Zesmupn" {Will+ Stlth+}
 24609 | D:12     | Reached skill level 11 in Dodging
 24947 | D:12     | Reached skill level 11 in Conjurations
 25390 | D:13     | Found a gate leading to a gauntlet.
 25409 | Gauntlet | Entered a Gauntlet
 25409 | Gauntlet | Identified the amulet of the Wild Haggis {RegenMP Will+}
 25409 | Gauntlet | Found a transporter.
 25409 | Gauntlet | Found a transporter.
 25409 | Gauntlet | Found a transporter.
 25409 | Gauntlet | Found a runed translucent gate.
 25410 | Gauntlet | Found a transporter.
 25411 | Gauntlet | Found a runed translucent gate.
 25411 | Gauntlet | Found a transporter.
 25412 | Gauntlet | Found a runed translucent gate.
 25414 | Gauntlet | Found a transporter.
 25427 | Gauntlet | Found a transporter.
 25427 | Gauntlet | Found a transporter.
 25427 | Gauntlet | Identified the Guide on Cloudy Calling
 25430 | Gauntlet | Found a transporter.
 25430 | Gauntlet | Found a transporter.
 25441 | Gauntlet | Found a transporter.
 25443 | Gauntlet | Found a transporter.
 25443 | Gauntlet | Identified the +0 pair of boots of the Wasteland {SInv}
 25443 | Gauntlet | Identified the +3 mace of Izeutox {protect, rF+ rC++ Str+5}
 25543 | Gauntlet | Identified the Collected Works on Ice and Enchantment
 25619 | Gauntlet | Reached skill level 11 in Invocations
 25903 | Gauntlet | Identified the +8 short sword "Finwya" {pain, +Blink}
 25903 | Gauntlet | Identified the ring "Hosau" {rElec rF+ Str-2 Stlth+}
 25915 | Gauntlet | Reached skill level 11 in Stealth
 25951 | Gauntlet | Identified the +5 dagger of the Last Nightingales {distort,
                  | rPois MP+9 Dex+4}
 26122 | D:13     | Found a gate to the Vaults.
 26478 | D:13     | Noticed a fire giant
 26572 | D:13     | Killed a fire giant
 26948 | D:14     | Identified the +2 ring mail of a treasure trove {Str+3
                  | Dex+2 SInv}
 27165 | D:14     | Found a broken altar of Ashenzari.
 27173 | D:14     | Noticed Jorgrun
 27190 | D:14     | Killed Jorgrun
 27379 | D:14     | Found the +6 shillelagh "Devastator" {shatter}
 27549 | D:14     | Identified the +3 ring mail of Jinosch {rF+ Will- rCorr}
 27589 | D:14     | Noticed Frances
 27598 | D:14     | Killed Frances
 27599 | D:14     | Reached XP level 16. HP: 127/127 MP: 9/33
 27772 | D:15     | Entered Level 15 of the Dungeon
 27796 | D:15     | Found a stormy altar of Qazlal.
 28129 | D:15     | Reached skill level 9 in Hexes
 28129 | D:15     | Reached skill level 9 in Summonings
 28129 | D:15     | Reached skill level 9 in Necromancy
 28129 | D:15     | Reached skill level 9 in Translocations
 28129 | D:15     | Reached skill level 9 in Transmutations
 28129 | D:15     | Reached skill level 9 in Fire Magic
 28129 | D:15     | Reached skill level 9 in Ice Magic
 28129 | D:15     | Reached skill level 9 in Air Magic
 28129 | D:15     | Reached skill level 9 in Earth Magic
 28129 | D:15     | Reached skill level 9 in Poison Magic
 28406 | D:15     | Found a radiant altar of Vehumet.
 28464 | D:15     | Found a staircase to the Depths.
 29201 | Shoals:1 | Entered Level 1 of the Shoals
 29307 | Shoals:1 | Noticed Roxanne
 29512 | Shoals:1 | Noticed a kraken
 29557 | Shoals:1 | Killed a kraken
 30192 | Shoals:2 | Reached skill level 11 in Fighting
 30192 | Shoals:2 | Reached skill level 11 in Short Blades
 30192 | Shoals:2 | Reached skill level 11 in Long Blades
 30192 | Shoals:2 | Reached skill level 11 in Axes
 30192 | Shoals:2 | Reached skill level 11 in Maces & Flails
 30192 | Shoals:2 | Reached skill level 11 in Polearms
 30192 | Shoals:2 | Reached skill level 11 in Staves
 30192 | Shoals:2 | Reached skill level 11 in Slings
 30192 | Shoals:2 | Reached skill level 11 in Bows
 30192 | Shoals:2 | Reached skill level 11 in Crossbows
 30192 | Shoals:2 | Reached skill level 11 in Throwing
 30192 | Shoals:2 | Reached skill level 11 in Armour
 30192 | Shoals:2 | Reached skill level 11 in Shields
 30192 | Shoals:2 | Reached skill level 11 in Unarmed Combat
 30192 | Shoals:2 | Reached skill level 11 in Evocations
 30339 | Shoals:2 | Reached skill level 12 in Spellcasting
 30631 | Shoals:2 | Noticed Ilsuiw
 30642 | Shoals:2 | Reached skill level 12 in Invocations
 30644 | Shoals:2 | Killed Ilsuiw
 31087 | Shoals:2 | Reached skill level 12 in Dodging
 31145 | Shoals:2 | Reached XP level 17. HP: 137/137 MP: 6/35
 31779 | Shoals:2 | Noticed Mlioglotl
 31788 | Shoals:2 | Noticed a bone dragon
 31852 | Shoals:3 | Reached skill level 12 in Stealth
 32286 | Shoals:3 | Found Tecaul's Firing Range.
 33147 | Shoals:4 | Entered Level 4 of the Shoals
 33147 | Shoals:4 | Noticed a kraken
 33147 | Shoals:4 | Noticed a kraken
 33147 | Shoals:4 | Noticed a kraken
 33147 | Shoals:4 | Noticed a kraken
 33147 | Shoals:4 | Identified a lightning rod (4/4)
 33155 | Shoals:4 | Killed a kraken
 33158 | Shoals:4 | Killed a kraken
 33161 | Shoals:4 | Killed a kraken
 33166 | Shoals:4 | Killed a kraken
 33302 | Shoals:4 | Reached skill level 12 in Conjurations
 33337 | Shoals:4 | Reached skill level 10 in Hexes
 33337 | Shoals:4 | Reached skill level 10 in Summonings
 33337 | Shoals:4 | Reached skill level 10 in Necromancy
 33337 | Shoals:4 | Reached skill level 10 in Translocations
 33337 | Shoals:4 | Reached skill level 10 in Transmutations
 33337 | Shoals:4 | Reached skill level 10 in Fire Magic
 33337 | Shoals:4 | Reached skill level 10 in Ice Magic
 33337 | Shoals:4 | Reached skill level 10 in Air Magic
 33337 | Shoals:4 | Reached skill level 10 in Earth Magic
 33337 | Shoals:4 | Reached skill level 10 in Poison Magic
 33489 | Shoals:3 | Learned a level 3 spell: Portal Projectile
 33497 | Shoals:3 | Learned a level 6 spell: Dispersal
 33563 | Shoals:4 | Noticed Polyphemus
 33572 | Shoals:4 | Killed Polyphemus
 33912 | Shoals:4 | Reached XP level 18. HP: 136/145 MP: 30/36
 33979 | Shoals:4 | HP: 36/145 [poisoned by a sea snake]
 34002 | Shoals:4 | Identified the +10 double sword of Chance {freeze, rF++
                  | rN+}
 34105 | Shoals:4 | Identified the ring of Gearriwn {Will++ AC+4 Str+6 Dex-5}
 34155 | Shoals:4 | Identified the +1 leather armour of Nuaqy {Slay+5}
 34440 | Shoals:4 | Cast into level 3 of the Abyss (merfolk impaler)
 34445 | Abyss:3  | Reached ***** piety under Ashenzari
 34615 | Abyss:3  | Reached skill level 12 in Fighting
 34615 | Abyss:3  | Reached skill level 12 in Short Blades
 34615 | Abyss:3  | Reached skill level 12 in Long Blades
 34615 | Abyss:3  | Reached skill level 12 in Axes
 34615 | Abyss:3  | Reached skill level 12 in Maces & Flails
 34615 | Abyss:3  | Reached skill level 12 in Polearms
 34615 | Abyss:3  | Reached skill level 12 in Staves
 34615 | Abyss:3  | Reached skill level 12 in Slings
 34615 | Abyss:3  | Reached skill level 12 in Bows
 34615 | Abyss:3  | Reached skill level 12 in Crossbows
 34615 | Abyss:3  | Reached skill level 12 in Throwing
 34615 | Abyss:3  | Reached skill level 12 in Armour
 34615 | Abyss:3  | Reached skill level 12 in Shields
 34615 | Abyss:3  | Reached skill level 12 in Unarmed Combat
 34615 | Abyss:3  | Reached skill level 12 in Evocations
 34792 | Abyss:3  | Noticed a bone dragon
 34799 | Abyss:3  | Found a corrupted altar of Lugonu.
 34979 | Abyss:3  | HP: 26/146 [smoke demon/divine providence (13)]
 34979 | Abyss:3  | HP: 1/146 [large abomination (25)]
 35210 | Abyss:3  | Noticed a bone dragon
 35460 | Shoals:4 | Escaped the Abyss
 35469 | Shoals:4 | Reached skill level 13 in Invocations
 35784 | Shoals:4 | Got a barnacled rune of Zot
 36336 | Spider:1 | Entered Level 1 of the Spider Nest
 36553 | Elf:1    | Entered Level 1 of the Elven Halls
 36573 | Elf:1    | Reached skill level 13 in Spellcasting
 36865 | Elf:1    | Identified the Almanac of Moulding
 36868 | Elf:1    | Found a crumbling gateway.
 36882 | Desolati | Entered the Desolation of Salt
 36967 | Desolati | Reached skill level 13 in Dodging
 37515 | Desolati | Identified the ring "Ubbion" {rC+ Dex+2}
 37552 | Desolati | Identified the ring "Kutiv" {Wiz Int+2}
 37627 | Desolati | Identified the +4 chain mail of Impermeability {rElec
                  | Dex+4}
 37716 | Desolati | Reached skill level 13 in Stealth
 37726 | Desolati | Identified the ring of the Zebra {*Corrode rElec Str+4
                  | Slay+4}
 38037 | Desolati | Identified the +5 swamp dragon scales of the Wary Xeniums
                  | {+Blink rPois rCorr Str-3}
 38165 | Desolati | Identified the +10 dagger "Notre" {flame, rC+}
 38493 | Desolati | Reached XP level 19. HP: 153/153 MP: 28/38
 38715 | Desolati | Identified the +0 ring mail of the Final Demons {rC+ rN+
                  | Str+2 Int-2}
 38729 | Desolati | Identified the ring of Psychosis {rC+ rN+ Slay+3}
 38838 | Desolati | Identified the Handbook of the Mountains and Sinister
                  | Rituals
 38892 | Desolati | Identified the Incunabulum of Nocuous Black Rites
 39788 | Elf:1    | Identified the Almanac of the Vulture
 40359 | Elf:2    | Reached skill level 11 in Hexes
 40359 | Elf:2    | Reached skill level 11 in Summonings
 40359 | Elf:2    | Reached skill level 11 in Necromancy
 40359 | Elf:2    | Reached skill level 11 in Translocations
 40359 | Elf:2    | Reached skill level 11 in Transmutations
 40359 | Elf:2    | Reached skill level 11 in Fire Magic
 40359 | Elf:2    | Reached skill level 11 in Ice Magic
 40359 | Elf:2    | Reached skill level 11 in Air Magic
 40359 | Elf:2    | Reached skill level 11 in Earth Magic
 40359 | Elf:2    | Reached skill level 11 in Poison Magic
 40394 | Elf:2    | Found the amulet of Vitality {Regen+ HP+15}
 40546 | Elf:2    | Found a runed translucent gate.
 40547 | Elf:2    | Found a runed translucent gate.
 40547 | Elf:2    | Found a runed translucent gate.
 40953 | Elf:3    | Entered Level 3 of the Elven Halls
 41463 | Elf:3    | Noticed Mara
 41468 | Elf:3    | Noticed totalnoob's illusion
 41481 | Elf:3    | Killed Mara
 41766 | Elf:3    | Reached skill level 14 in Invocations
 41833 | Elf:3    | Noticed Aizul
 41845 | Elf:3    | Reached skill level 13 in Fighting
 41845 | Elf:3    | Reached skill level 13 in Short Blades
 41845 | Elf:3    | Reached skill level 13 in Long Blades
 41845 | Elf:3    | Reached skill level 13 in Axes
 41845 | Elf:3    | Reached skill level 13 in Maces & Flails
 41845 | Elf:3    | Reached skill level 13 in Polearms
 41845 | Elf:3    | Reached skill level 13 in Staves
 41845 | Elf:3    | Reached skill level 13 in Slings
 41845 | Elf:3    | Reached skill level 13 in Bows
 41845 | Elf:3    | Reached skill level 13 in Crossbows
 41845 | Elf:3    | Reached skill level 13 in Throwing
 41845 | Elf:3    | Reached skill level 13 in Armour
 41845 | Elf:3    | Reached skill level 13 in Shields
 41845 | Elf:3    | Reached skill level 13 in Unarmed Combat
 41845 | Elf:3    | Reached skill level 13 in Evocations
 41850 | Elf:3    | Noticed an Ice Fiend
 41851 | Elf:3    | Gained mutation: You are dopey. (Int -2) [a neqoxec]
 41862 | Elf:3    | HP: 38/155 [Aizul/bolt of poison (22)]
 41868 | Elf:3    | Killed Aizul
 42337 | Elf:3    | Reached skill level 13 in Conjurations
 42500 | Elf:3    | Identified the ring "Nigirae" {Fly Will+ Str+3 SInv}
 42517 | Elf:3    | Reached XP level 20. HP: 163/163 MP: 22/40
 42933 | Elf:3    | Identified the +9 morningstar of Fedhas's Pride {antimagic,
                  | Dex+3}
 42933 | Elf:3    | Identified the ring of Xom's Fair Game {Wiz *Slow rF+
                  | Dex+3}
 43049 | Elf:3    | Reached skill level 14 in Spellcasting
 43259 | Elf:3    | Identified the -4 helmet "Xuyh Naranumn" {rPois}
 43289 | Elf:3    | Identified the +4 hunting sling "Joif" {flame, Fly rF++ rC-
                  | Stlth+}
 43291 | Elf:3    | Identified the +6 hunting sling of Ancient Evil {flame, rC+
                  | rN+ Str+2 Int+2}
 43935 | Elf:3    | Upgraded the game from 0.28-a0-461-g2dc4ca5097 to
                  | 0.28-a0-465-ge2dae52223
 44315 | Spider:1 | Reached skill level 14 in Dodging
 45349 | Spider:2 | Reached skill level 14 in Stealth
 46766 | Spider:3 | Noticed Bai Suzhen
 46801 | Spider:3 | Killed Bai Suzhen
 47544 | Spider:4 | Entered Level 4 of the Spider Nest
 47556 | Spider:4 | Reached XP level 21. HP: 167/171 MP: 41/41
 48341 | Spider:4 | Reached skill level 15 in Invocations
 48350 | Spider:4 | Reached skill level 12 in Hexes
 48350 | Spider:4 | Reached skill level 12 in Summonings
 48350 | Spider:4 | Reached skill level 12 in Necromancy
 48350 | Spider:4 | Reached skill level 12 in Translocations
 48350 | Spider:4 | Reached skill level 12 in Transmutations
 48350 | Spider:4 | Reached skill level 12 in Fire Magic
 48350 | Spider:4 | Reached skill level 12 in Ice Magic
 48350 | Spider:4 | Reached skill level 12 in Air Magic
 48350 | Spider:4 | Reached skill level 12 in Earth Magic
 48350 | Spider:4 | Reached skill level 12 in Poison Magic
 48769 | Spider:4 | Reached skill level 14 in Fighting
 48769 | Spider:4 | Reached skill level 14 in Short Blades
 48769 | Spider:4 | Reached skill level 14 in Long Blades
 48769 | Spider:4 | Reached skill level 14 in Axes
 48769 | Spider:4 | Reached skill level 14 in Maces & Flails
 48769 | Spider:4 | Reached skill level 14 in Polearms
 48769 | Spider:4 | Reached skill level 14 in Staves
 48769 | Spider:4 | Reached skill level 14 in Slings
 48769 | Spider:4 | Reached skill level 14 in Bows
 48769 | Spider:4 | Reached skill level 14 in Crossbows
 48769 | Spider:4 | Reached skill level 14 in Throwing
 48769 | Spider:4 | Reached skill level 14 in Armour
 48769 | Spider:4 | Reached skill level 14 in Shields
 48769 | Spider:4 | Reached skill level 14 in Unarmed Combat
 48769 | Spider:4 | Reached skill level 14 in Evocations
 48989 | Spider:4 | Got a gossamer rune of Zot
 49523 | Vaults:1 | Entered Level 1 of the Vaults
 49526 | Vaults:1 | Learned a level 1 spell: Apportation
 49529 | Vaults:1 | Learned a level 2 spell: Passwall
 49644 | Vaults:1 | Identified the +3 chain mail of the Jackalope {*Slow +Blink
                  | rElec Int+5}
 50144 | Vaults:1 | Identified the +0 scale mail of the Buccaneer {rF- Int+5}
 50179 | Vaults:1 | Found a shimmering blue altar of Sif Muna.
 50183 | Vaults:1 | Found a transporter.
 50213 | Vaults:1 | Found a transporter.
 50847 | Vaults:2 | Gained mutation: You occasionally shout uncontrollably at
                  | your foes. [mutagenic glow]
 51098 | Vaults:2 | Found Plog's Jewellery Shop.
 51112 | Vaults:2 | Found Wuul's General Store.
 51128 | Vaults:2 | Found a flickering gateway to a bazaar.
 51137 | Bazaar   | Entered a bazaar
 51137 | Bazaar   | Found Ucall's Antique Weapon Boutique.
 51137 | Bazaar   | Found Sizis's Weapon Shop.
 51137 | Bazaar   | Found Jotepnug's Antique Armour Shop.
 51152 | Bazaar   | Bought the +10 tower shield of Ignorance {rN+ Int-4} for
                  | 1661 gold pieces
 51152 | Bazaar   | Found the +10 tower shield of Ignorance {rN+ Int-4}
 51554 | Vaults:2 | Bought a potion of curing for 45 gold pieces
 51554 | Vaults:2 | Bought a potion of might for 60 gold pieces
 51732 | Vaults:2 | Reached skill level 15 in Spellcasting
 51797 | Vaults:2 | Reached XP level 22. HP: 145/179 MP: 43/43
 52179 | Vaults:2 | Reached skill level 15 in Dodging
 52561 | Vaults:2 | Found a staircase to the Crypt.
 53062 | Vaults:3 | Reached skill level 14 in Conjurations
 53147 | Vaults:3 | Reached skill level 15 in Stealth
 54919 | Vaults:4 | Reached skill level 16 in Invocations
 55146 | Vaults:4 | Reached XP level 23. HP: 91/187 MP: 34/44
 55957 | Vaults:4 | Reached skill level 15 in Fighting
 55957 | Vaults:4 | Reached skill level 15 in Short Blades
 55957 | Vaults:4 | Reached skill level 15 in Long Blades
 55957 | Vaults:4 | Reached skill level 15 in Axes
 55957 | Vaults:4 | Reached skill level 15 in Maces & Flails
 55957 | Vaults:4 | Reached skill level 15 in Polearms
 55957 | Vaults:4 | Reached skill level 15 in Staves
 55957 | Vaults:4 | Reached skill level 15 in Slings
 55957 | Vaults:4 | Reached skill level 15 in Bows
 55957 | Vaults:4 | Reached skill level 15 in Crossbows
 55957 | Vaults:4 | Reached skill level 15 in Throwing
 55957 | Vaults:4 | Reached skill level 15 in Armour
 55957 | Vaults:4 | Reached skill level 15 in Shields
 55957 | Vaults:4 | Reached skill level 15 in Unarmed Combat
 55957 | Vaults:4 | Reached skill level 15 in Evocations
 56577 | Vaults:4 | Reached skill level 13 in Hexes
 56577 | Vaults:4 | Reached skill level 13 in Summonings
 56577 | Vaults:4 | Reached skill level 13 in Necromancy
 56577 | Vaults:4 | Reached skill level 13 in Translocations
 56577 | Vaults:4 | Reached skill level 13 in Transmutations
 56577 | Vaults:4 | Reached skill level 13 in Fire Magic
 56577 | Vaults:4 | Reached skill level 13 in Ice Magic
 56577 | Vaults:4 | Reached skill level 13 in Air Magic
 56577 | Vaults:4 | Reached skill level 13 in Earth Magic
 56577 | Vaults:4 | Reached skill level 13 in Poison Magic
 56970 | Vaults:5 | Entered Level 5 of the Vaults
 56974 | Vaults:5 | Noticed a golden dragon
 56996 | Vaults:4 | Gained mutation: You are clumsy. (Dex -2) [mutagenic glow]
 57560 | Vaults:5 | Noticed a golden dragon
 57573 | Vaults:4 | Gained mutation: You have large cloven feet. [mutagenic
                  | glow]
 57577 | Vaults:4 | Killed a golden dragon
 57578 | Vaults:4 | Reached skill level 16 in Spellcasting
 57803 | Vaults:5 | Noticed a dread lich
 58076 | Vaults:5 | Reached XP level 24. HP: 137/191 MP: 44/44
 58276 | Vaults:5 | Reached skill level 16 in Dodging
 58701 | Vaults:5 | Reached skill level 16 in Stealth
 58710 | Vaults:5 | Noticed a dread lich
 59020 | Vaults:5 | Killed a dread lich
 59504 | Vaults:4 | Reached skill level 17 in Invocations
 59746 | Vaults:5 | Reached skill level 15 in Conjurations
 59829 | Vaults:5 | Paralysed by a dread lich for 4 turns
 59835 | Vaults:5 | Killed a dread lich
 60361 | Vaults:5 | Got a silver rune of Zot
 61015 | Slime:1  | Entered Level 1 of the Pits of Slime
 61363 | Slime:5  | Entered Level 5 of the Pits of Slime
 61464 | Slime:4  | Reached skill level 16 in Fighting
 61464 | Slime:4  | Reached skill level 16 in Short Blades
 61464 | Slime:4  | Reached skill level 16 in Long Blades
 61464 | Slime:4  | Reached skill level 16 in Axes
 61464 | Slime:4  | Reached skill level 16 in Maces & Flails
 61464 | Slime:4  | Reached skill level 16 in Polearms
 61464 | Slime:4  | Reached skill level 16 in Staves
 61464 | Slime:4  | Reached skill level 16 in Slings
 61464 | Slime:4  | Reached skill level 16 in Bows
 61464 | Slime:4  | Reached skill level 16 in Crossbows
 61464 | Slime:4  | Reached skill level 16 in Throwing
 61464 | Slime:4  | Reached skill level 16 in Armour
 61464 | Slime:4  | Reached skill level 16 in Shields
 61464 | Slime:4  | Reached skill level 16 in Unarmed Combat
 61464 | Slime:4  | Reached skill level 16 in Evocations
 61644 | Slime:5  | Noticed the Royal Jelly
 61654 | Slime:5  | Killed the Royal Jelly
 61655 | Slime:5  | Reached XP level 25. HP: 178/203 MP: 41/45
 61675 | Slime:5  | Gained mutation: Your spells are a little easier to cast,
                  | but a little less powerful. [a shining eye]
 61992 | Slime:5  | Identified the ring of Starshine {Fly MP+9 Int+6 Dex-5}
 62009 | Slime:5  | Got a slimy rune of Zot
 62013 | Slime:5  | Identified the ring of Gozag's Whim {rN+ rCorr Slay+2}
 62014 | Slime:5  | Identified the +8 longbow of Plunder {vorpal, Dex+5}
 62448 | Depths:1 | Entered Level 1 of the Depths
 62537 | Depths:1 | Found a sacrificial altar of Ru.
 62599 | Depths:1 | Found a one-way gate leading to the halls of Pandemonium.
 62613 | Depths:1 | Found Jax Dor's Assorted Antiques.
 62643 | Depths:1 | Bought a scroll of blinking for 262 gold pieces
 62643 | Depths:1 | Bought a scroll of magic mapping for 122 gold pieces
 62682 | Depths:1 | Found a gateway to a ziggurat.
 62718 | Depths:2 | Reached skill level 14 in Hexes
 62718 | Depths:2 | Reached skill level 14 in Summonings
 62718 | Depths:2 | Reached skill level 14 in Necromancy
 62718 | Depths:2 | Reached skill level 14 in Translocations
 62718 | Depths:2 | Reached skill level 14 in Transmutations
 62718 | Depths:2 | Reached skill level 14 in Fire Magic
 62718 | Depths:2 | Reached skill level 14 in Ice Magic
 62718 | Depths:2 | Reached skill level 14 in Air Magic
 62718 | Depths:2 | Reached skill level 14 in Earth Magic
 62718 | Depths:2 | Reached skill level 14 in Poison Magic
 63016 | Depths:3 | Noticed Jory
 63028 | Depths:3 | Killed Jory
 63433 | Depths:5 | Entered Level 5 of the Depths
 63707 | Depths:5 | Found a gateway to Hell.
 63718 | Depths:5 | Reached skill level 17 in Spellcasting
 64166 | Depths:4 | Reached skill level 17 in Dodging
 64713 | Depths:4 | Reached skill level 17 in Stealth
 64839 | Depths:5 | Reached XP level 26. HP: 170/213 MP: 34/45
 65059 | Depths:5 | Found a gate to the Realm of Zot.
 65224 | Zot:1    | Entered Level 1 of the Realm of Zot
 65224 | Zot:1    | Identified the +5 rapier of Xiuvoirgh {freeze, Int+5}
 65240 | Zot:1    | Gained mutation: Armour fits poorly on your strangely
                  | shaped body. [mutagenic glow]
 65249 | Depths:5 | Reached skill level 18 in Invocations
 65253 | Depths:5 | Gained mutation: Your body sometimes deteriorates upon
                  | taking damage. [mutagenic glow]
 65484 | Depths:5 | Lost mutation: Your body sometimes deteriorates upon taking
                  | damage. [potion of mutation]
 65484 | Depths:5 | Gained mutation: You have hoof-like feet. [potion of
                  | mutation]
 65484 | Depths:5 | Lost mutation: Your spells are a little easier to cast, but
                  | a little less powerful. [potion of mutation]
 66349 | Zot:5    | Entered Level 5 of the Realm of Zot
 66882 | Zot:4    | Reached skill level 17 in Fighting
 66882 | Zot:4    | Reached skill level 17 in Short Blades
 66882 | Zot:4    | Reached skill level 17 in Long Blades
 66882 | Zot:4    | Reached skill level 17 in Axes
 66882 | Zot:4    | Reached skill level 17 in Maces & Flails
 66882 | Zot:4    | Reached skill level 17 in Polearms
 66882 | Zot:4    | Reached skill level 17 in Staves
 66882 | Zot:4    | Reached skill level 17 in Slings
 66882 | Zot:4    | Reached skill level 17 in Bows
 66882 | Zot:4    | Reached skill level 17 in Crossbows
 66882 | Zot:4    | Reached skill level 17 in Throwing
 66882 | Zot:4    | Reached skill level 17 in Armour
 66882 | Zot:4    | Reached skill level 17 in Shields
 66882 | Zot:4    | Reached skill level 17 in Unarmed Combat
 66882 | Zot:4    | Reached skill level 17 in Evocations
 67293 | Zot:5    | Learned a level 6 spell: Statue Form
 67299 | Zot:5    | Learned a level 5 spell: Manifold Assault
 67721 | Zot:5    | Identified the +10 plate armour of Omission {rElec rF++
                  | Dex-5}
 67775 | Zot:5    | Reached skill level 16 in Conjurations
 67903 | Zot:5    | Noticed a dread lich
 67913 | Zot:5    | Killed a dread lich
 67990 | Zot:5    | Noticed an orb of fire
 67997 | Zot:5    | Gained mutation: You have hooves in place of feet. [an orb
                  | of fire]
 67998 | Zot:5    | Gained mutation: You are very clumsy. (Dex -4) [an orb of
                  | fire]
 68007 | Zot:5    | Gained mutation: Your magical capacity is low. (-10% MP)
                  | [an orb of fire]
 68008 | Zot:5    | Killed an orb of fire
 68009 | Zot:5    | Reached XP level 27. HP: 136/203 MP: 43/43
 68236 | Zot:5    | Noticed a dread lich
 68236 | Zot:5    | Noticed a dread lich
 68273 | Zot:5    | Paralysed by a dread lich for 2 turns
 68289 | Zot:5    | Killed a dread lich
 68497 | Zot:5    | Killed a dread lich
 68520 | Zot:5    | Noticed an orb of fire
 68546 | Zot:5    | Killed an orb of fire
 68547 | Zot:5    | Reached skill level 15 in Hexes
 68547 | Zot:5    | Reached skill level 15 in Summonings
 68547 | Zot:5    | Reached skill level 15 in Necromancy
 68547 | Zot:5    | Reached skill level 15 in Translocations
 68547 | Zot:5    | Reached skill level 15 in Transmutations
 68547 | Zot:5    | Reached skill level 15 in Fire Magic
 68547 | Zot:5    | Reached skill level 15 in Ice Magic
 68547 | Zot:5    | Reached skill level 15 in Air Magic
 68547 | Zot:5    | Reached skill level 15 in Earth Magic
 68547 | Zot:5    | Reached skill level 15 in Poison Magic
 68701 | Zot:5    | Reached skill level 18 in Spellcasting
 68848 | Zot:5    | Reached skill level 18 in Dodging
 68868 | Zot:5    | Noticed an orb of fire
 68872 | Zot:5    | Noticed an orb of fire
 68876 | Zot:5    | Gained mutation: Your body sometimes deteriorates upon
                  | taking damage. [an orb of fire]
 68879 | Zot:5    | Killed an orb of fire
 68883 | Zot:5    | Gained mutation: Potions are less effective at restoring
                  | your health. [an orb of fire]
 68884 | Zot:5    | Killed an orb of fire
 68885 | Zot:5    | Reached skill level 18 in Stealth
 68889 | Zot:5    | Reached skill level 19 in Invocations
 69236 | Zot:5    | Lost mutation: You occasionally shout uncontrollably at
                  | your foes. [potion of mutation]
 69236 | Zot:5    | Lost mutation: Your body sometimes deteriorates upon taking
                  | damage. [potion of mutation]
 69236 | Zot:5    | Lost mutation: Armour fits poorly on your strangely shaped
                  | body. [potion of mutation]
 69236 | Zot:5    | Lost mutation: Your magical capacity is low. (-10% MP)
                  | [potion of mutation]
 69258 | Zot:5    | Got the Orb of Zot
 69414 | Zot:1    | Noticed Husmik the pandemonium lord
 69414 | Zot:1    | Noticed an ancient lich
 69512 | Depths:3 | Noticed Fuwn the pandemonium lord
 69560 | Depths:1 | Gained mutation: Your spells are a little easier to cast,
                  | but a little less powerful. [a cacodemon]
 69567 | Depths:1 | Gained mutation: You are very dopey. (Int -4) [a cacodemon]
 69604 | D:15     | Noticed Dammeph the pandemonium lord
 69654 | D:13     | Noticed Saojo the pandemonium lord
 69756 | D:7      | Noticed Webbui the pandemonium lord
 69936 | D:$      | Escaped with the Orb!

Illustrated notes

Levels and vault maps discovered:
D:1:      lemuel_arrival_broad_hall, layout_loops_corners, serial_shops,
          nicolae_shop_temple_entry_statues_fountains
D:2:      layout_rooms, ebering_ecumenical_altar_hall, basic_altar,
          lemuel_old_faithful
D:3:      layout_loops_corners, hangedman_abyss_or_decor_stabs
D:4:      layout_loops_ring, minmay_temple_entry_junction_2, serial_shops, shop,
          uniq_ijyb
D:5:      layout_loops_ring, chequers_temple_overflow_statue_of_worship,
          uniq_blork_the_orc, uniq_eustachio
D:6:      layout_loops_ring, mainiacjoe_overflow_catwalk
D:7:      layout_rooms, serial_shops, nicolae_square_shop,
          corexii_leaking_fountain, lemuel_flamethrower_2
D:8:      layout_loops_ring, mainiacjoe_overflow_24_doors, lair_entry_dummy
D:9:      layout_irregular_city, minivault_22,
          hangedman_abyss_or_decor_lesser_grid
D:10:     layout_loops_ring, serial_aquarium, aquarium_bridge_straight
          [aquarium_subvault_bridge, aquarium_subvault_wall,
          aquarium_subvault_bridge, aquarium_subvault_wall],
          aquarium_bridge_island_small [aquarium_subvault_small_open,
          aquarium_subvault_bridge, aquarium_subvault_bridge,
          aquarium_subvault_bridge, aquarium_subvault_wall], aquarium_window_2,
          aquarium_window_2, aquarium_window_fake, aquarium_view_2d,
          aquarium_view_2c, aquarium_balcony_1b, minmay_evil_grid
D:11:     layout_irregular_city, hiddenorc1_lemuel,
          hellmonk_ghost_happy_afterlife, chequers_serial_rivers_micro_d
D:12:     layout_roguey, serial_ice, serial_ice_g, serial_ice_d, serial_ice_n,
          serial_ice_h, portal_ice_cave_entry_imps
D:13:     layout_loops_corners, david_vaults_2, gauntlet_entry_generic,
          kennysheep_four_rooms
D:14:     layout_loops_ring, ashenzari_altar_1, uniq_frances, uniq_jorgrun
D:15:     grunt_enter_depths_snipers, layout_loops_ring,
          nicolae_qazlal_style_of_elements, nicolae_vehumet_altar_sigil
Lair:1:   layout_roguey
Lair:2:   nzn_winding_woodlands_cross [nzn_winding_woodlands_5x15_lazy_stream,
          nzn_winding_woodlands_5x15_crooked, nzn_winding_woodlands_5x15_twine,
          nzn_winding_woodlands_5x15_longhouse,
          nzn_winding_woodlands_15x15_boxy_spiral], layout_regular_city,
          ebering_ghost_inner_flame, chequers_serial_rivers_micro_a,
          minivault_24
Lair:3:   layout_hall_layers, nicolae_spider_entry_orb_guardian
Lair:4:   layout_gridlike, minmay_shoals_entry_lonely_mermaid
Lair:5:   layout_regular_city, slime_dummy, chequers_serial_rivers_large_a
Lair:6:   gammafunk_lair_ancient_temple, layout_gridlike
Shoals:1: layout_shoals, nicolae_shoals_land_atoll, uniq_roxanne
Shoals:2: cheibrodos_shoals_three_sisters, layout_shoals, uniq_mlioglotl,
          uniq_ilsuiw
Shoals:3: nzn_motion_control, layout_shoals, nicolae_shop_firing_range
Shoals:4: shoals_end_grunt_garden, layout_shoals, nicolae_shoals_cliffside_cave,
          nicolae_shoals_kraken_party, uniq_polyphemus
Spider:1: layout_spider_delve
Spider:2: layout_spider_delve, nicolae_spider_bzzzt
Spider:3: layout_spider_delve, nicolae_spider_bug_shape, uniq_bai_suzhen
Spider:4: grunt_spider_rune_island
Slime:1:  layout_caves
Slime:2:  layout_caves
Slime:3:  layout_caves
Slime:4:  layout_caves, nicolae_slime_barrier
Slime:5
Orc:1:    layout_caves, serial_shops, shop
Orc:2:    st_orc_rangers, layout_diamond_mine, led_sif_book
Elf:1:    nicolae_elf_arrival_no_cutting_in_line, layout_rooms,
          portal_desolation_entry_nicolae_menacing_earthworks,
          minmay_elf_annihilation
Elf:2:    nicolae_elf_blades_crystal_corner, layout_loops_cross,
          einodemon_crawler_minivault
Elf:3:    minmay_elf_hall_x, layout_onion_city,
          nicolae_elf_glass_and_crystal_pillar_2, uniq_aizul, uniq_mara
Vaults:1: nicolae_vaults_alarming, dpeg_vaults_monster_box,
          vaults_room_ringed_pool, hangedman_vaults_nodes,
          nicolae_vaults_ninety_degrees, gammafunk_sealed_library,
          vaults_room_stairs_pillars, nicolae_vaults_little_squares_3,
          vaults_room_fours, nicolae_vaults_circle_grid_b,
          nicolae_vaults_ring_of_whatevers, layout_vaults_omnibox
Vaults:2: v_pattern_5, vaults_mumra_hex, st_cross, ontoclasm_vaults_chip,
          grunt_vaults_hallway_long, vaults_room_pool, grunt_vaults_swirl,
          blue_anna_dwarven_crypt, nicolae_vaults_sealed_display,
          nicolae_vaults_gold_heap, layout_vaults_omnigrid, serial_shops,
          bzr_entry_islet, shop_statue, shop
Vaults:3: nicolae_vaults_hallways_thing, nicolae_vaults_know_your_exits,
          v_misc_22, ontoclasm_vaults_pinch, vaults_room_stairs_pillars,
          v_misc_2, nicolae_vaults_diagonal_hallway_7,
          hangedman_vaults_stitches, v_rooms_4, hangedman_vaults_restitches,
          v_pattern_2, v_misc_23, v_misc_12, vaults_room_fancy_cross,
          vaults_dpeg_encased_lava, layout_vaults_maze
Vaults:4: vaults_standard_mumra_x, v_misc_24, nicolae_vaults_network_barrier,
          nicolae_vaults_network_s, v_misc_22, v_misc_10, vaults_room_boxed,
          grunt_vaults_twisty, nicolae_vaults_asterisk, vaults_mumra_lcd,
          grunt_vaults_focal, vaults_room_guarded_vault,
          ontoclasm_vaults_hangar, nicolae_vaults_little_squares_3,
          layout_vaults_omnicross
Vaults:5
Depths:1: layout_gridlike, enter_ziggurat_d, serial_shops, shop_fountains,
          grunt_pan_entry_sceptre, nicolae_ru_sacrificial_ziggurat,
          lightli_too_deep, st_stairs_1, kennysheep_doodads, chei_slow_surprise
Depths:2: minmay_the_grid_3x3 [minmay_the_grid_spin_star, minmay_the_grid_airy,
          minmay_the_grid_holed_spiral, minmay_the_grid_dragon_a,
          minmay_the_grid_gridbox, minmay_the_grid_aliased_spiral,
          minmay_the_grid_tri_star, minmay_the_grid_armoury,
          minmay_the_grid_prize_inner_circle], layout_cave_pools,
          kennysheep_nub, serial_shops, shop_statue, pf_hell_entry_tar_spiral
Depths:3: evilmike_halls_of_destruction, layout_cave_shapes,
          rand_demon_pan_entry_5, infiniplex_staircase_x,
          grunt_hell_entry_dis_grunt, firewood_loft, grunt_megastairs_4,
          minmay_shop_star, uniq_margery, uniq_jory
Depths:4: wander_protected_by_tso, layout_cave_pools, grunt_dithmenos_smoke,
          hangedman_coc_ice_floe, serial_shops, nicolae_shop_overgrown_old_shop,
          minmay_room_of_horrors, minmay_shoptagon, serial_bayou_shore_a
Depths:5: evilmike_zot_entry_hall, layout_honeycomb, hell_entry,
          rand_demon_pan_entry_7, serial_glass, glass_columns_a,
          glass_columns_b, glass_columns_b, glass_columns_b, glass_columns_a,
          glass_columns_a
Zot:1:    layout_cathedral_of_symmetry, gammafunk_ghost_crypt,
          grunt_megastairs_5
Zot:2:    layout_onion
Zot:3:    cheibrodos_zot_enchanting_chambers, layout_twisted_circle
Zot:4:    layout_misc_corridors, hangedman_zot_decor_tridents
Zot:5:    layout_basic

Skill      XL: |  1  2  3  4  5  6  7  8  9 10 11 12 13 14 15 16 17 18 19 20 21 22 23 24 25 26 27 |
---------------+----------------------------------------------------------------------------------+-----
Spellcasting   | 5 6 7 8 9 10 11 12 13 14 15 16 17 18 | 18.2
Invocations    | 1 2 3 4 5 6 7 8 9 10 11 12 13 14 15 16 17 18 19 | 19.1
Fighting       | 1 2 3 4 5 6 7 8 9 10 11 12 13 14 15 16 17 | 17.7
Short Blades   | 1 2 3 4 5 6 7 8 9 10 11 12 13 14 15 16 17 | 17.7
Long Blades    | 1 2 3 4 5 6 7 8 9 10 11 12 13 14 15 16 17 | 17.7
Axes           | 1 2 3 4 5 6 7 8 9 10 11 12 13 14 15 16 17 | 17.7
Maces & Flails | 1 2 3 4 5 6 7 8 9 10 11 12 13 14 15 16 17 | 17.7
Polearms       | 1 2 3 4 5 6 7 8 9 10 11 12 13 14 15 16 17 | 17.7
Staves         | 1 2 3 4 5 6 7 8 9 10 11 12 13 14 15 16 17 | 17.7
Slings         | 1 2 3 4 5 6 7 8 9 10 11 12 13 14 15 16 17 | 17.7
Bows           | 1 2 3 4 5 6 7 8 9 10 11 12 13 14 15 16 17 | 17.7
Crossbows      | 1 2 3 4 5 6 7 8 9 10 11 12 13 14 15 16 17 | 17.7
Throwing       | 1 2 3 4 5 6 7 8 9 10 11 12 13 14 15 16 17 | 17.7
Armour         | 1 2 3 4 5 6 7 8 9 10 11 12 13 14 15 16 17 | 17.7
Shields        | 1 2 3 4 5 6 7 8 9 10 11 12 13 14 15 16 17 | 17.7
Unarmed Combat | 1 2 3 4 5 6 7 8 9 10 11 12 13 14 15 16 17 | 17.7
Evocations     | 1 2 3 4 5 6 7 8 9 10 11 12 13 14 15 16 17 | 17.7
Hexes          | 1 2 3 4 5 6 7 8 9 10 11 12 13 14 15 | 15.3
Summonings     | 1 2 3 4 5 6 7 8 9 10 11 12 13 14 15 | 15.3
Necromancy     | 1 2 3 4 5 6 7 8 9 10 11 12 13 14 15 | 15.3
Translocations | 1 2 3 4 5 6 7 8 9 10 11 12 13 14 15 | 15.3
Transmutations | 1 2 3 4 5 6 7 8 9 10 11 12 13 14 15 | 15.3
Fire Magic     | 1 2 3 4 5 6 7 8 9 10 11 12 13 14 15 | 15.3
Ice Magic      | 1 2 3 4 5 6 7 8 9 10 11 12 13 14 15 | 15.3
Air Magic      | 1 2 3 4 5 6 7 8 9 10 11 12 13 14 15 | 15.3
Earth Magic    | 1 2 3 4 5 6 7 8 9 10 11 12 13 14 15 | 15.3
Poison Magic   | 1 2 3 4 5 6 7 8 9 10 11 12 13 14 15 | 15.3
Dodging        | 5 6 7 8 9 10 11 12 13 14 15 16 17 18 | 18.2
Stealth        | 5 6 7 8 9 10 11 12 13 14 15 16 17 18 | 18.1
Conjurations   | 8 9 10 11 12 13 14 15 16 | 16.5

Action                   |  1- 3 |  4- 6 |  7- 9 | 10-12 | 13-15 | 16-18 | 19-21 | 22-24 | 25-27 || total
-------------------------+-------+-------+-------+-------+-------+-------+-------+-------+-------++-------
Melee: Spear             |     1 |     4 |    12 |       |       |       |       |       |       ||    17
       Bite              |       |     1 |     3 |    43 |   153 |       |    80 |   133 |   104 ||   517
       Dagger            |       |       |    16 |   207 |       |       |       |       |       ||   223
       Punch             |       |       |       |     3 |       |       |       |       |       ||     3
       Whip              |       |       |       |   133 |   990 |       |       |       |       ||  1123
       Hand crossbow     |       |       |       |       |       |     5 |     1 |       |       ||     6
       Double sword      |       |       |       |       |       |       |   695 |   927 |   724 ||  2346
       Kick              |       |       |       |       |       |       |       |       |    25 ||    25
 Fire: Hand crossbow     |       |       |       |       |   148 |  1158 |   416 |       |       ||  1722
Throw: Boomerang         |       |       |       |     5 |     4 |       |       |    13 |   104 ||   126
       Dart              |       |       |       |       |     2 |       |       |       |       ||     2
       Javelin           |       |       |       |       |       |       |       |    15 |    54 ||    69
 Cast: Magic Dart        |    58 |   112 |   152 |    91 |   163 |     2 |       |       |       ||   578
       Searing Ray       |       |     3 |    55 |     6 |     5 |       |       |       |       ||    69
       Mephitic Cloud    |       |       |     2 |    16 |     2 |     4 |       |       |       ||    24
       Ignite Poison     |       |       |     2 |    14 |     1 |     4 |       |       |       ||    21
       Tukima's Dance    |       |       |     1 |       |     3 |       |       |     3 |       ||     7
       Dazzling Flash    |       |       |     1 |       |       |       |       |       |       ||     1
       Irradiate         |       |       |       |    15 |   119 |    39 |    54 |    88 |    68 ||   383
       Frozen Ramparts   |       |       |       |    11 |    18 |       |       |     2 |     1 ||    32
       Borgnjor's Vile C |       |       |       |       |    20 |   167 |   175 |    32 |    96 ||   490
       Yara's Violent Un |       |       |       |       |     2 |     1 |     4 |     1 |     4 ||    12
       Portal Projectile |       |       |       |       |       |     2 |       |       |       ||     2
       Dispersal         |       |       |       |       |       |     1 |       |     3 |       ||     4
Invok: Curse Item        |       |     1 |     2 |     1 |     4 |     3 |     2 |       |     2 ||    15
       Shatter the Chain |       |       |       |       |     3 |     1 |     1 |     1 |       ||     6
Evoke: Wand              |       |       |       |    16 |    12 |     4 |     4 |       |    18 ||    54
       Tin of tremorston |       |       |       |       |     2 |     2 |       |     4 |     2 ||    10
       Phantom mirror    |       |       |       |       |     1 |     3 |     1 |     1 |       ||     6
       Lightning rod     |       |       |       |       |       |     4 |       |       |       ||     4
       Box of beasts     |       |       |       |       |       |       |       |     2 |     2 ||     4
       Condenser vane    |       |       |       |       |       |       |       |       |     2 ||     2
  Use: Scroll            |       |     1 |       |       |     4 |     5 |     2 |     3 |     7 ||    22
       Potion            |       |       |     2 |       |       |     4 |     2 |     3 |     5 ||    16
 Stab: Sleeping          |       |       |     1 |    11 |    35 |       |    13 |    18 |     7 ||    85
       Distracted        |       |       |     1 |     1 |     4 |       |     2 |     6 |     4 ||    18
       Confused          |       |       |       |     1 |       |       |       |       |       ||     1
Armor: Robe              |       |     3 |    14 |     3 |       |       |       |       |       ||    20
       Troll leather arm |       |       |       |    50 |   179 |    54 |       |       |       ||   283
       Leather armour    |       |       |       |       |       |    29 |    32 |       |       ||    61
       Swamp dragon scal |       |       |       |       |       |       |   274 |   368 |   262 ||   904
Dodge: Dodged            |     5 |    18 |    69 |   148 |   453 |   308 |   430 |   444 |   340 ||  2215
       Repelled          |       |       |       |       |     1 |    10 |    14 |     9 |    17 ||    51
Block: Other             |       |     3 |    28 |    28 |       |       |       |       |       ||    59
       Reflection        |       |       |     1 |     3 |    51 |   100 |    27 |    65 |    25 ||   272
       Buckler           |       |       |       |   100 |   532 |   427 |   743 |   497 |       ||  2299
       Tower shield      |       |       |       |       |       |       |       |   613 |  1378 ||  1991

Table legend: (Time is in decaauts)
 A = Elapsed time spent in this place.
 B = Non-inter-level travel time spent in this place.
 C = Inter-level travel time spent in this place.
 D = Time resting spent in this place.
 E = Time spent auto-exploring this place.
 F = Levels seen in this place.
 G = Mean time per level.
                   A        B        C        D        E       F      G
               +--------+--------+--------+--------+--------+-----+--------+
         Total |  69308 |  64348 |   4960 |  11209 |  38200 |  59 | 1174.7 |
       Dungeon |  18347 |  16146 |   2201 |   1921 |  11552 |  15 | 1223.1 |
          Lair |   9051 |   7800 |   1251 |    929 |   5244 |   6 | 1508.5 |
        Shoals |   6405 |   6252 |    153 |    519 |   4310 |   4 | 1601.2 |
   Spider Nest |   4694 |   4531 |    163 |    305 |   3111 |   4 | 1173.5 |
    Slime Pits |   1108 |   1030 |     78 |    494 |    143 |   5 |  221.6 |
  Orcish Mines |   2092 |   1948 |    144 |     65 |   1360 |   2 | 1046.0 |
   Elven Halls |   5327 |   5129 |    198 |   1046 |   2985 |   3 | 1775.7 |
        Vaults |  10937 |  10463 |    474 |   1762 |   6687 |   5 | 2187.4 |
        Depths |   3071 |   2931 |    140 |   1349 |    506 |   5 |  614.2 |
           Zot |   3895 |   3740 |    155 |   1774 |    542 |   5 |  779.0 |
         Abyss |   1019 |   1019 |      0 |    594 |      0 |   1 | 1019.0 |
        Bazaar |     22 |     22 |      0 |      0 |      9 |   1 |   22.0 |
      Ice Cave |    551 |    551 |      0 |    105 |    177 |   1 |  551.0 |
    Desolation |   2191 |   2191 |      0 |    345 |   1219 |   1 | 2191.0 |
      Gauntlet |    592 |    592 |      0 |      0 |    355 |   1 |  592.0 |
               +--------+--------+--------+--------+--------+-----+--------+

Top non-repeatable levels by time:
Vaults:4: 3443 daAuts
   Elf:3: 3019 daAuts
   Zot:5: 2854 daAuts
Vaults:5: 2248 daAuts
Desolation: 2191 daAuts
Shoals:2: 2074 daAuts
     D:4: 2002 daAuts
Shoals:4: 1981 daAuts
  Lair:6: 1973 daAuts
Vaults:2: 1872 daAuts
     D:8: 1839 daAuts
Vaults:3: 1819 daAuts
  Lair:5: 1670 daAuts
     D:6: 1670 daAuts
  Lair:2: 1636 daAuts

Table legend:
 A = Kills in this place as a percentage of kills in entire the game.
 B = Kills by you in this place as a percentage of kills by you in the entire game.
 C = Kills by friends in this place as a percentage of kills by friends in the entire game.
 D = Other kills in this place as a percentage of other kills in the entire game.
 E = Experience gained in this place as a percentage of experience gained in the entire game.
 F = Experience gained in this place divided by the number of levels of this place that you have seen.
                   A       B       C       D       E      F
               +-------+-------+-------+-------+-------+----------------------
         Total | 100.0 | 100.0 | 100.0 | 100.0 | 100.0 | 23875.7
       Dungeon |  16.8 |  16.9 |   0.0 |  18.2 |   4.1 | 3887.3
          Lair |   8.9 |   9.0 |   0.0 |   0.0 |   4.6 | 10791.2
        Shoals |   8.9 |   8.8 |  25.0 |   9.1 |   8.2 | 28884.0
   Spider Nest |  12.2 |  12.3 |   0.0 |   9.1 |   7.7 | 27267.0
    Slime Pits |   2.5 |   2.3 |  41.7 |   0.0 |   4.2 | 11870.2
  Orcish Mines |   5.8 |   5.7 |  25.0 |   0.0 |   1.0 | 6935.0
   Elven Halls |   6.7 |   6.7 |   0.0 |   9.1 |   8.6 | 40240.3
        Vaults |  20.8 |  20.8 |   0.0 |  45.5 |  27.8 | 78410.4
        Depths |   6.3 |   6.4 |   0.0 |   0.0 |  10.3 | 28961.8
           Zot |   5.0 |   4.9 |   8.3 |   9.1 |  19.4 | 54779.2
         Abyss |   0.8 |   0.8 |   0.0 |   0.0 |   0.5 | 7061.0
      Ice Cave |   1.3 |   1.4 |   0.0 |   0.0 |   0.3 | 4063.0
    Desolation |   3.2 |   3.2 |   0.0 |   0.0 |   2.8 | 40015.0
      Gauntlet |   0.9 |   0.9 |   0.0 |   0.0 |   0.4 | 5167.0
               +-------+-------+-------+-------+-------+----------------------
